 Dungeon Crawl Stone Soup version 0.30.0-5-g1a98f26d00 (webtiles) character file.

Game seed: 12548404498892554808

607055 Kenran the Middleweight Champion (level 26, -1/176 HPs)
             Began as a Gargoyle Warper on May 7, 2023.
             Was the Champion of the Shining One.
             Killed from afar by a Brimstone Fiend (34 damage)
             ... with damnation
             ... in Pandemonium on May 8, 2023.
             The game lasted 03:30:19 (67874 turns).

Kenran the Middleweight Champion (Gargoyle Warper) Turns: 67874, Time: 03:30:19

Health: -1/176     AC: 67    Str: 34    XL:     26   Next: 84%
Magic:  36/36      EV: 15    Int: 21    God:    the Shining One [******]
Gold:   2401       SH: 16    Dex: 12    Spells: 29/29 levels left

rFire   + +          +
                       - Unarmed
rCold   + + +        x - +3 kite shield {reflect}
rNeg    + + +        I - +12 crystal plate armour of Nudix {Str+3, rare}
rPois   ∞            L - +1 helmet of Tetoy {Dex+3}
rElec   +            F - scarf "Kawirch" {rC+ rF+, rElec Will+}
rCorr   +            d - +0 pair of gloves of Urexkogg {Contam rF++ Str+8}
SInv    .            Z - +2 pair of slick slippers {slick, slippery, EV+4}
Will    +++..        g - amulet of regeneration Stlth
                     R - ring of resist corrosion
HPRegen 1.29/turn    s - ring "Veec" {rC+ Will+ Int+3}
MPRegen 0.25/turn

%: reflection
@: flying, glowing, studying Staves
A: sickness immunity, AC +20, big wings, negative energy resistance 1,
electricity resistance, torment resistance 1, petrification resistance, hooves
1, cold resistance 1, fire resistance 1
}: 5/15 runes: serpentine, barnacled, silver, abyssal, demonic
a: Renounce Religion, Divine Shield, Cleansing Flame, Summon Divine Warrior,
Brand Weapon With Holy Wrath


You were in Pandemonium.
You worshipped the Shining One.
The Shining One was exalted by your worship.
You visited 11 branches of the dungeon, and saw 49 of its levels.
You visited Pandemonium 1 time, and saw 6 of its levels.
You visited the Abyss 6 times.
You also visited: Trove, Ossuary and Wizlab.

You collected 8148 gold pieces.
You spent 5747 gold pieces at shops.


Innate Abilities, Weirdness & Mutations

You are immune to sickness and miasma.
Your stone body is resilient. (AC +20)
You are immune to poison.
Your large and strong wings let you fly.
You resist negative energy. (rN+)
You are resistant to electric shocks. (rElec)
You are resistant to unholy torment.
You are immune to petrification.
You have large cloven feet.
Your flesh is cold resistant. (rC+)
Your flesh is heat resistant. (rF+)


   Skills:
 + Level 20.8 Fighting
 - Level 1.0 Throwing
 + Level 22.7 Armour
 - Level 10.0 Dodging
 - Level 15.0 Shields
 O Level 27 Unarmed Combat
 - Level 2.0 Spellcasting
 - Level 2.6 Translocations
 + Level 18.9 Invocations
 - Level 12.0 Evocations


You had 29 spell levels left.
You didn't know any spells.
Your spell library contained the following spells:

 Spells                   Type           Power      Damage    Failure   Level
 Blink                    Tloc           26%        N/A       52%         2
 Lesser Beckoning         Tloc           26%        N/A       52%         2
 Beastly Appendage        Tmut           4%         N/A       77%         1
 Foxfire                  Conj/Fire      8%         2x1d4     77%         1
 Freeze                   Ice            8%         1d3       77%         1
 Kiss of Death            Conj/Necr      8%         2d6       77%         1
 Magic Dart               Conj           8%         1d3       77%         1
 Sandblast                Erth           4%         2d4       77%         1
 Slow                     Hex            8%         N/A       77%         1
 Summon Small Mammal      Summ           8%         N/A       77%         1
 Gell's Gravitas          Tloc           13%        N/A       77%         3
 Teleport Other           Tloc           13%        N/A       77%         3
 Passwall                 Tmut/Erth      1%         N/A       88%         2
 Poisonous Vapours        Pois/Air       4%         N/A       88%         2
 Searing Ray              Conj           4%         2d4       88%         2
 Static Discharge         Conj/Air       4%         2-3/arc   88%         2
 Wereblood                Tmut           2%         N/A       88%         2
 Vhi's Electric Charge    Tloc/Air       14%        N/A       91%         3
 Call Canine Familiar     Summ           2%         N/A       98%         3
 Confusing Touch          Hex            2%         N/A       98%         3
 Dazzling Flash           Conj/Hex       4%         N/A       98%         3
 Frozen Ramparts          Ice            4%         1d1       98%         3
 Hailstorm                Conj/Ice       2%         3d3       98%         3
 Ignite Poison            Fire/Tmut/Pois 2%         N/A       98%         3
 Inner Flame              Hex/Fire       2%         N/A       98%         3
 Mephitic Cloud           Conj/Pois/Air  2%         N/A       98%         3
 Ozocubu's Armour         Ice            2%         N/A       98%         3
 Spider Form              Tmut/Pois      2%         N/A       98%         3
 Stone Arrow              Conj/Erth      4%         3d7       98%         3
 Summon Guardian Golem    Hex/Summ       2%         N/A       98%         3
 Vampiric Draining        Necr           2%         2d6       98%         3
 Manifold Assault         Tloc           13%        N/A       99%         4
 Airstrike                Air            1%         2d(1-17)  100%        4
 Animate Dead             Necr           2%         N/A       100%        4
 Dispel Undead            Necr           2%         3d7       100%        4
 Flame Wave               Conj/Fire      2%         2d4       100%        4
 Fulminant Prism          Conj/Hex       1%         3d5       100%        4
 Ice Form                 Ice/Tmut       2%         N/A       100%        4
 Petrify                  Tmut/Erth      2%         N/A       100%        4
 Sticky Flame             Conj/Fire      2%         2d3       100%        4
 Summon Lightning Spire   Summ/Air       2%         N/A       100%        4
 Borgnjor's Vile Clutch   Necr/Erth      1%         N/A       100%        5
 Fireball                 Conj/Fire      1%         3d3       100%        5
 Freezing Cloud           Conj/Ice/Air   1%         6-21      100%        5
 Irradiate                Conj/Tmut      1%         3d12      100%        5
 Iskenderun's Battlesphe  Conj           2%         2d6       100%        5
 Metabolic Englaciation   Hex/Ice        1%         N/A       100%        5
 Summon Forest            Summ/Tloc      3%         N/A       100%        5
 Conjure Ball Lightning   Conj/Air       1%         3x3d6     100%        6
 Death Channel            Necr           1%         N/A       100%        6
 Dispersal                Tloc           6%         N/A       100%        6
 Eringya's Noxious Bog    Tmut/Pois      1%         N/A       100%        6
 Plasma Beam              Fire/Air       1%         2x1d12    100%        6
 Simulacrum               Ice/Necr       1%         N/A       100%        6
 Haunt                    Necr/Summ      1%         N/A       100%        7
 Malign Gateway           Summ/Tloc      3%         N/A       100%        7
 Orb of Destruction       Conj           1%         9d5       100%        7
 Spellforged Servitor     Conj/Summ      1%         N/A       100%        7
 Storm Form               Tmut/Air       1%         N/A       100%        7
 Summon Hydra             Summ           1%         N/A       100%        7
 Disjunction              Tloc           6%         N/A       100%        8
 Ignition                 Fire           1%         3d3       100%        8
 Infestation              Necr           1%         N/A       100%        8
 Lehudib's Crystal Spear  Conj/Erth      1%         10d2      100%        8
 Summon Horrible Things   Summ           1%         N/A       100%        8
 Chain Lightning          Conj/Air       1%         3d1       100%        9
 Fire Storm               Conj/Fire      1%         7d1       100%        9
 Shatter                  Erth           1%         3d5*      100%        9
 Cigotuvi's Dreadful Rot  Necr/Pois/Air  Unusable   N/A       N/A         2
 Sublimation of Blood     Necr           Unusable   N/A       N/A         2
 Statue Form              Tmut/Erth      Unusable   N/A       N/A         6

Inventory:

Missiles
 y - 14 throwing nets {=f!f}
Armour
 d - the +0 pair of gloves of Urexkogg (worn) {Contam rF++ Str+8}
   (You bought it in a shop on level 2 of the Orcish Mines)

   Str:       It affects your strength (+8).
   rF:        It greatly protects you from fire.
   Contam:    It causes magical contamination when unequipped.
 x - a +3 kite shield of reflection (worn)
   (You took it off a tengu warrior on level 15 of the Dungeon)
 C - the +9 gold dragon scales "Godim" {rPois rF+ rC+ Regen+ Str+4 Int-5, rare}
   (You bought it in a shop on level 2 of the Shoals)

   Str:       It affects your strength (+4).
   Int:       It affects your intelligence (-5).
   rF:        It protects you from fire.
   rC:        It protects you from cold.
   rPois:     It protects you from poison.
   Regen:     It increases your rate of health regeneration.
 F - the scarf "Kawirch" (worn) {rC+ rF+, rElec Will+}
   (You found it in a treasure trove)

   rElec:     It insulates you from electricity.
   Will:      It increases your willpower.
 I - the +12 crystal plate armour of Nudix (worn) {Str+3, rare}
   (You found it in a treasure trove)

   Str:       It affects your strength (+3).
 K - the +2 pair of gloves of the Orcish Mines {rC+ Will+ MP+9 Dex+3}
   (You found it on level 1 of the Crypt)

   Dex:       It affects your dexterity (+3).
   rC:        It protects you from cold.
   MP:        It affects your magic capacity (+9).
   Will:      It increases your willpower.
 L - the +1 helmet of Tetoy (worn) {Dex+3}
   (You bought it in a shop on level 2 of the Orcish Mines)

   Dex:       It affects your dexterity (+3).
 Z - the +2 pair of slick slippers (worn) {slick, slippery, EV+4}
   (You found it in a wizard's laboratory)

   Slick:     Its wearer cannot be constricted, engulfed, netted or webbed.
   Slippery:  Its wearer slips away from damaging melee attacks, pulling the
   attacker onward.
   EV:        It affects your evasion (+4).
Jewellery
 a - the amulet "Nuocoir" {Spirit rC+++ Str+3 SInv Stlth-}
   (You found it on level 1 of the Realm of Zot)

   [amulet of guardian spirit]

   It causes incoming damage to be divided between your reserves of health and
   magic.
   Str:       It affects your strength (+3).
   rC:        It renders you almost immune to cold.
   SInv:      It lets you see invisible.
   Stlth:     It makes you less stealthy.
 g - an amulet of regeneration (around neck)
   (You found it on level 2 of the Snake Pit)
 r - the ring "Dymmotubru" {EV+5 Dex+5}
   (You took it off a seraph in Pandemonium)

   [ring of evasion]

   EV:        It affects your evasion (+5).
   Dex:       It affects your dexterity (+5).
 s - the ring "Veec" (right hand) {rC+ Will+ Int+3}
   (You acquired it on level 12 of the Dungeon)

   [ring of protection from cold]

   Int:       It affects your intelligence (+3).
   rC:        It protects you from cold.
   Will:      It increases your willpower.
 J - the ring of Kesal {rPois rF+ rN+ AC+4 Slay+2}
   (You found it on level 7 of the Dungeon)

   [ring of protection]

   AC:        It affects your AC (+4).
   Slay:      It affects your accuracy & damage with ranged weapons and melee
   (+2).
   rF:        It protects you from fire.
   rPois:     It protects you from poison.
   rN:        It protects you from negative energy.
 R - a ring of resist corrosion (left hand)
   (You bought it in a shop on level 4 of the Dungeon)
Wands
 h - a wand of acid (17)
   (You found it on level 3 of the Lair of Beasts)
 k - a wand of mindburst (41)
   (You found it on level 1 of the Snake Pit)
 o - a wand of roots (18)
   (You found it on level 2 of the Crypt)
 B - a wand of flame (51)
   (You found it on level 2 of the Vaults)
 G - a wand of paralysis (14)
   (You found it on level 12 of the Dungeon)
 P - a wand of polymorph (41)
   (You found it on level 11 of the Dungeon)
 T - a wand of digging (15)
   (You found it on level 7 of the Dungeon)
Scrolls
 b - 9 scrolls of blinking {!r}
 c - 12 scrolls of enchant armour
 j - 8 scrolls of magic mapping {!r}
 l - 14 scrolls of poison
 m - 17 scrolls of fog
 n - 11 scrolls of teleportation {@r4}
 z - 3 scrolls of butterflies
 Q - 4 scrolls of silence {!r}
 U - 9 scrolls of immolation {!r!r}
 X - 7 scrolls of fear
Potions
 e - 9 potions of attraction {!q}
 f - 3 potions of magic
 i - 5 potions of might
 p - 14 potions of brilliance
 q - 5 potions of mutation {!q}
 t - 4 potions of ambrosia
 w - 7 potions of haste {@q3}
 A - a potion of heal wounds {@q2}
 D - 8 potions of resistance
 M - 26 potions of curing {@q1}
 N - 3 potions of berserk rage {!q}
 O - 3 potions of cancellation
 S - 12 potions of lignification {!q}
 V - 2 potions of flight
Miscellaneous
 u - a phantom mirror
   (You found it on level 1 of the Snake Pit)
 v - a lightning rod (4/4)
   (You bought it in a shop on level 2 of the Orcish Mines)
 H - a condenser vane (inert)
   (You found it on level 5 of the Lair of Beasts)
 W - a box of beasts (inert)
   (You found it on level 5 of the Vaults)
 Y - a phial of floods
   (You found it on level 1 of the Vaults)

Dungeon Overview and Level Annotations

Branches:
Dungeon (15/15) Zot: 22763  Temple (1/1) D:4 Zot: 5883    Lair (5/5) D:8 Zot: 23827
 Shoals (4/4) Lair:3 Zot: 18308   Snake (4/4) Lair:3 Zot: 17743   Slime (5/5) Lair:5 Zot: 26007
    Orc (2/2) D:11 Zot: 9955     Elf (0/3) Orc:2        Vaults (5/5) D:13 Zot: 20091
  Crypt (3/3) Vaults:3 Zot: 15286    Tomb (0/3) Crypt:3      Depths (4/4) D:15 Zot: 19187
    Zot (1/5) Depths:4 Zot: 4802 Ossuary (visited)          WizLab (visited)

Altars:
Ashenzari
Cheibriados
Dithmenos
Elyvilon
Fedhas
Gozag
Hepliaklqana
Kikubaaqudgha
Makhleb
Nemelex Xobeh
Okawaru
Qazlal
Ru
Sif Muna
Trog
Uskayaw
Vehumet
Wu Jian
Xom
Yredelemnul
Zin
The Shining One
Jiyva
Lugonu

Shops:
D:4 ?=((*   D:10 (   Orc:2 *([:   Shoals:1 ([**   Shoals:2 [   Snake:1 ==:
Snake:3 !:*!   Vaults:1 :   Vaults:2 (   Depths:1 =   Depths:3 [=

Portals:
Hell: Depths:1 Depths:2 Depths:3 Depths:4
Abyss: Depths:3 Depths:4
Pandemonium: Depths:1 Depths:2
Ziggurat: Depths:1

Annotations:
D:3 exclusion: 2 downstairs
D:5 exclusion: downstairs
D:7 exclusion: downstairs
D:12 exclusion: 2 downstairs
D:13 exclusion: downstairs, Rupert
Shoals:2 exclusion: downstairs
Shoals:3 exclusion: downstairs, Mara
Slime:5 Royal Jelly
Vaults:3 exclusion: downstairs
Vaults:4 Mennas

...........2. .#
............##.
........... ...
........... ..#
........3#.##.#
.........#....#
###......#....#
..#####..'....#########
..#..##.........@1....#
..#.....(.'..###......#
..#..........###..#...#
..#....###............#
#.#.....................
#....[..................
....#[...#...#######....
...##........# ...
...##........#


You could see a Brimstone Fiend.


Message History

You blink. 😕 HP[+1] Activating: Cleansing Flame (0% risk of failure)
Press: ? - help, Dir - look around, f - activate
Okay, then. 😕 HP[+1] MP[+1] Activating: Cleansing Flame (0% risk of failure)
Press: ? - help, Dir - look around, f - activate The golden flame engulfs you but does no damage.
The golden flame engulfs Kupniom!!!
Kupniom writhes in agony!
You kill Kupniom!
The Shining One accepts your kill. 😕 HP[+1] MP[-5]
You lost 5 mp, and now have 28/36 mp. 😕 HP[+2]
You regained 2 hp, and now have 162/176 hp.
Some weird stuff shatters into small pieces. 😕 HP[+1]
The cacodemon gestures at you. The bolt of energy misses you.
The soul eater hits you but does no damage. 😕 HP[+1] MP[+1]
You pummel the soul eater!! 😕 HP[+1]
You barely miss the soul eater. You block the soul eater's attack.
You hit the soul eater. 😕 HP[+1]
You hit the soul eater. You block the cacodemon's attack.
The cacodemon misses you.
You block the soul eater's attack. 😕 HP[+1]
You punch the soul eater! You block the soul eater's attack.
You block the cacodemon's attack. x2 😕 HP[+1]
You barely miss the soul eater. 😕 MP[+1]
You hit the soul eater.
The soul eater hits you but does no damage.
The cacodemon hits you but does no damage.
You block the cacodemon's attack. 😕 HP[+1]
You pound the soul eater into fine dust!!!
You kill the soul eater!
The Shining One accepts your kill.
You feel better.
You feel your power returning. 😎 HP[+7] MP[+2]
Your hp is fully restored (176).
You regained 2 mp, and now have 32/36 mp.
You pummel the cacodemon!!
The cacodemon hits you but does no damage.
You block the cacodemon's attack.
You punch the cacodemon!
You pound the cacodemon into fine dust!!!
You kill the cacodemon!
The Shining One accepts your kill.
You feel your power returning.
The green death hits you but does no damage.
Your lightning rod (4/4) has regained one charge. 😎 MP[+3]
You regained 3 mp, and now have 35/36 mp.
You hit the green death. You pummel the green death!!
You block the green death's attack. 😎 MP[+1]
Your mp is fully restored (36).
You pummel the green death like a punching bag!!!
You kill the green death!
The Shining One accepts your kill.
No target in view!
No target in view!
Things that are here:
a +0 ring mail; a +0 glaive A Brimstone Fiend comes into view.
The Brimstone Fiend roars!
The Brimstone Fiend gestures at you.
The sphere of damnation explodes!
The damnation engulfs you!!! 😮 HP[-48]
You take 48 damage, and now have 128/176 hp.
MASSIVE DAMAGE!! (PAUSE) 😮 HP[+2]
You regained 2 hp, and now have 130/176 hp.
You start resting.
A Brimstone Fiend is nearby! 😮 HP[+1]
The Brimstone Fiend gestures at you.
The sphere of damnation explodes!
The damnation engulfs you!! 😮 HP[-30]
You take 30 damage, and now have 101/176 hp.
The Brimstone Fiend gestures at you.
The sphere of damnation explodes!
The damnation engulfs you!!!
* * * LOW HITPOINT WARNING * * *
😨 HP[-37]
You take 37 damage, and now have 64/176 hp.
MASSIVE DAMAGE!! (PAUSE)
The Brimstone Fiend gestures at you.
The sphere of damnation explodes!
The damnation engulfs you!!
* * * LOW HITPOINT WARNING * * *
😱 HP[-32]
You take 32 damage, and now have 32/176 hp.
The Brimstone Fiend gestures at you.
The sphere of damnation explodes!
The damnation engulfs you!!
You die...

Skill      XL: |  1  2  3  4  5  6  7  8  9 10 11 12 13 14 15 16 17 18 19 20 21 22 23 24 25 26 |
---------------+-------------------------------------------------------------------------------+-----
Unarmed Combat | 3 4 5 6 7 9 10 12 13 14 15 16 17 18 20 21 22 23 24 26 27 | 27.0
Throwing       | 1 |  1.0
Armour         | 3 5 7 10 12 14 16 17 18 19 20 22 | 22.7
Fighting       | 4 8 9 11 12 14 16 18 20 | 20.8
Shields        | 2 3 4 5 8 10 12 13 15 | 15.0
Dodging        | 2 4 6 8 10 | 10.0
Invocations    | 5 7 8 10 12 13 15 16 18 | 18.9
Evocations     | 4 5 6 7 10 12 | 12.0
Spellcasting   | |  2.0
Translocations | |  2.6

Action                     |  1- 3 |  4- 6 |  7- 9 | 10-12 | 13-15 | 16-18 | 19-21 | 22-24 | 25-27 || total
---------------------------+-------+-------+-------+-------+-------+-------+-------+-------+-------++-------
  Melee: Unarmed           |   180 |   195 |   405 |   700 |  1391 |  1421 |  1650 |  2010 |  1356 ||  9308
         Punch             |     1 |     6 |    11 |       |       |       |       |       |       ||    18
  Throw: Boomerang         |       |     7 |       |       |       |       |       |       |       ||     7
         Dart              |       |     3 |    11 |       |       |       |       |       |       ||    14
 Invoke: Summon Divine War |       |       |       |       |       |       |     1 |       |     3 ||     4
         Divine Shield     |       |       |       |       |       |       |     1 |       |     2 ||     3
         Cleansing Flame   |       |       |       |       |       |       |       |     5 |     5 ||    10
  Evoke: Wand              |       |       |       |     7 |    14 |     3 |       |     4 |       ||    28
         Condenser vane    |       |       |       |       |     2 |     1 |     4 |     3 |     2 ||    12
         Phantom mirror    |       |       |       |       |       |     2 |     3 |       |       ||     5
         Phial of floods   |       |       |       |       |       |       |     2 |       |       ||     2
         Lightning rod     |       |       |       |       |       |       |       |     5 |     2 ||     7
         Box of beasts     |       |       |       |       |       |       |       |       |     1 ||     1
    Use: Potion            |       |     5 |       |       |     6 |     4 |     8 |     7 |    10 ||    40
         Scroll            |       |     3 |     4 |     6 |     9 |     7 |    17 |     8 |     4 ||    58
 Armour: Leather armour    |    27 |       |       |       |       |       |       |       |       ||    27
         Chain mail        |    85 |   128 |   218 |   379 |   640 |       |       |       |       ||  1450
         Plate armour      |       |       |       |       |    19 |   659 |   414 |       |       ||  1092
         Gold dragon scale |       |       |       |       |       |       |   277 |   224 |       ||   501
         Crystal plate arm |       |       |       |       |       |       |       |   648 |   792 ||  1440
  Dodge: Dodged            |    80 |    43 |   115 |   204 |   582 |   584 |   544 |   804 |   435 ||  3391
         Repelled          |       |       |       |       |       |    17 |    10 |     9 |       ||    36
  Block: Buckler           |       |       |    42 |   157 |   330 |       |       |       |       ||   529
         Kite shield       |       |       |       |       |     4 |   661 |   763 |  1067 |   838 ||  3333
         Reflection        |       |       |       |       |       |    77 |    57 |    18 |    42 ||   194

Levels and vault maps discovered:
D:1:      minmay_arrival_cross, layout_loops_ring, minmay_pentomino_u4
D:2:      cheibrodos_old_hovel, layout_loops_corners
D:3:      layout_loops_ring, lightli_temple_of_fire, guppyfry_early_lair_pool,
          uniq_terence, uniq_jessica
D:4:      nicolae_cairo_tiling_large_dashed, layout_loops_ring,
          minmay_temple_entry_proselytizer, serial_shops, shop, shop,
          nicolae_stop_n_shop_2, shop, kennysheep_little_box, uniq_natasha
D:5:      layout_rooms, grunt_ministairs_8, uniq_edmund, uniq_prince_ribbit1
D:6:      layout_loops_ring, trog_ov_bears_minmay, uniq_blork_the_orc
D:7:      layout_basic, nicolae_overflow_two_pavilions,
          nicolae_ossuary_entry_plus
D:8:      layout_rooms, nicolae_ashenzari_panopticon,
          grunt_lair_entry_orc_guard_hut, minmay_misc_feat_nine_boxes,
          uniq_maurice
D:9:      layout_small_grid, mainiacjoe_overflow_24_doors, serial_bayou_pond_a,
          minmay_evil_grid, uniq_gastronok
D:10:     layout_small_grid, overflow_temple_1_default,
          mainiacjoe_overflow_tiny_flanked, serial_shops, nicolae_shop_trees,
          grunt_ogre_cave, uniq_grum
D:11:     layout_rooms, david_orc_4, minivault_26
D:12:     layout_roguey, uniq_lodul
D:13:     layout_irregular_city, lightli_vaults_fourway_checkpoint,
          columned_hall_lemuel, uniq_rupert
D:14:     layout_gridville, chequers_jeans, lightli_corner_chamber
D:15:     grunt_enter_depths_hoard, layout_loops_ring, uniq_agnes
Temple:   compressed_dpeg_circular_temple
Lair:1:   layout_loops_ring, serial_bayou_pond_b
Lair:2:   layout_cave_pods, minivault_25, lemuel_fruit_tree
Lair:3:   layout_chaotic_city, minmay_shoals_entry_beasts,
          guppyfry_snake_entry_island, minivault_11, grunt_megastairs_3
Lair:4:   layout_misc_corridors, lemuel_fruit_fields, uniq_snorg
Lair:5:   evilmike_catoblepas_cave, layout_gridlike,
          minmay_slime_entry_oklob_open
Shoals:1: nicolae_shoals_mermall, layout_shoals,
          nicolae_shoals_pincushion_passage, uniq_mlioglotl
Shoals:2: cheibrodos_shoals_gigantism, layout_shoals, nicolae_shop_dragon_depot,
          nicolae_shoals_nymph_descending_staircase
Shoals:3: layout_shoals, uniq_mara
Shoals:4: shoals_end_grunt_garden, layout_shoals, uniq_roxanne
Snake:1:  layout_layer_cave, ebering_ghost_rock_garden, grunt_ministairs_6,
          serial_bayou_pond_c, serial_bayou_ford_a, minmay_shop_grove,
          serial_bayou_shore_b
Snake:2:  layout_onion_interference, basic_altar, uniq_vashnia, uniq_louise,
          uniq_kirke
Snake:3:  layout_basic, serial_shops, nicolae_shop_industrial_runoff,
          minmay_shop_star, uniq_nikola
Snake:4:  grunt_snake_rune_pools, layout_layer_cave, grunt_megastairs_4
Slime:1:  layout_caves
Slime:2:  layout_caves
Slime:3:  layout_caves
Slime:4:  layout_caves
Slime:5
Orc:1:    layout_caves, uniq_erica
Orc:2:    st_orc_town, layout_caves, basic_altar
Vaults:1: gammafunk_ghost_fury_of_okawaru, nicolae_vaults_variable_pillar_hall,
          nicolae_vaults_tetromino_L_2, nicolae_vaults_crenellated_ambush,
          vaults_mumra_lcd, nicolae_vaults_trapezoid_lopsided_1,
          nicolae_vaults_double_plus_3, nicolae_vaults_double_plus_1,
          ontoclasm_vaults_decontamination, nicolae_vaults_apartment_1,
          layout_vaults_quadrants, serial_shops, nicolae_book_shop_shelving
Vaults:2: vaults_room_stairs_pillars, vaults_room_ringed_pool,
          dpeg_vaults_pockets_of_resistance, nicolae_vaults_shelves_hall,
          nicolae_vaults_closet_pinwheel_1, v_rooms_2,
          nicolae_vaults_more_shelving_1, nicolae_vaults_storage_room_doors,
          ontoclasm_vaults_fault, vaults_room_grid,
          ontoclasm_vaults_ring_square, nicolae_vaults_six-pack,
          layout_vaults_omnicross, serial_shops, shop, uniq_zenata
Vaults:3: hangedman_vaults_hat, ontoclasm_vaults_ring_small, v_rooms_5,
          nicolae_vaults_double_plus_1, minmay_crypt_entry_simple_sparse,
          nicolae_vaults_diamond_2, grunt_vaults_trifunnel, v_misc_22,
          vaults_room_large_hall, hangedman_vaults_stagger,
          nicolae_vaults_trapezoid_lopsided_4,
          nicolae_vaults_storage_room_glass, nicolae_vaults_asterisk,
          nicolae_vaults_murder_corner, layout_vaults_ring, uniq_asterion,
          uniq_margery, uniq_frederick
Vaults:4: nicolae_vaults_tangram_2, nicolae_vaults_fighting_squares,
          nicolae_vaults_network_quinsquares
          [nicolae_vaults_network_quincunx_subvault,
          nicolae_vaults_network_quincunx_subvault,
          nicolae_vaults_network_quincunx_subvault,
          nicolae_vaults_network_quincunx_subvault],
          nicolae_vaults_puzzle_piece, v_misc_33, nicolae_vaults_circle_grid_b,
          grunt_vaults_funnel, nicolae_vaults_double_plus_3,
          ontoclasm_vaults_pinch, v_misc_25, vaults_mumra_hex, v_misc_2,
          nicolae_vaults_ring_of_whatevers, nicolae_vaults_tetromino_T_1,
          layout_vaults_maze, uniq_mennas, uniq_xtahua, uniq_bai_suzhen
Vaults:5: serial_shops
Crypt:1:  layout_catacombs
Crypt:2:  layout_misc_corridors, lightli_enter_wizlab_magi_temple,
          minmay_misc_feat_columns, grunt_ministairs_3
Crypt:3:  david_glass_crypt, layout_rooms, nicolae_tomb_entry_grand_gallery
Depths:1: layout_gridlike, enter_ziggurat_c, serial_shops,
          nicolae_shop_tiny_glass, nicolae_trove_entry_path_of_doom,
          okawaru_ov_weapons_minmay, hell_entry, rand_demon_pan_entry_3,
          roderic_cross_of_infinity, drop_trap,
          worldfamousw_hep_ancestral_shrine
Depths:2: minmay_glassy_protrusions, layout_gridlike, pan_entry, hellmouth_3,
          old_standard_altar, serial_bayou_shore_b, uniq_josephina
Depths:3: minmay_the_grid_square_5x5_4x4 [minmay_the_grid_square_5x5_dogpile,
          minmay_the_grid_square_5x5_inset,
          minmay_the_grid_square_5x5_two_walls_b,
          minmay_the_grid_square_5x5_shuriken,
          minmay_the_grid_square_5x5_broken_cross,
          minmay_the_grid_square_5x5_prize_snowflake,
          minmay_the_grid_square_5x5_prize_deathbox,
          minmay_the_grid_square_5x5_tri_point, minmay_the_grid_square_5x5_n,
          minmay_the_grid_square_5x5_prize_junk,
          minmay_the_grid_square_5x5_prize_waves,
          minmay_the_grid_square_5x5_hourglass,
          minmay_the_grid_square_5x5_three_small,
          minmay_the_grid_square_5x5_six, minmay_the_grid_square_5x5_inner_z,
          minmay_the_grid_square_5x5_detours], layout_cave_shapes,
          grunt_hell_entry_dis_mu, abyss_entry_crystal,
          chequers_serial_rivers_micro_e, minmay_shoptagon
Depths:4: grunt_crosshair, layout_gridlike, nicolae_wwwww,
          abyss_entry_flame_altar, hangedman_coc_ice_floe, uniq_grunn
Zot:1:    layout_basic
Pan:      evilmike_mini_pan_V, layout_small_grid, nicolae_pan_cerebovesque_3,
          evilmike_holy_pan, evilmike_mini_pan_pillars, layout_pan_divisions_a
          [pan_division_quadrant_a4, pan_division_quadrant_a4,
          pan_division_quadrant_a2, pan_division_quadrant_a6,
          pan_division_octagon_empty], uniq_ignacio, nicolae_pan_cerebovesque_1,
          evilmike_mini_pan_layers, layout_irregular_city,
          pan_blood_fountain_small, evilmike_mini_pan_T, layout_pan_divisions_a
          [pan_division_quadrant_a4, pan_division_quadrant_a4,
          pan_division_quadrant_a6, pan_division_quadrant_a3,
          pan_division_octagon_halves], nicolae_pan_mnolegish_2, rand_demon_6,
          layout_stronghold

Notes
Turn   | Place    | Note
-------+----------+-------------------------------------------
     0 | D:1      | Kenran the Gargoyle Warper began the quest for the Orb.
     0 | D:1      | Reached XP level 1. HP: 12/12 MP: 3/3
     0 | D:1      | magus.rc [v1.11.6]
   165 | D:1      | Reached XP level 2. HP: 16/17 MP: 5/5
   222 | D:1      | Reached skill level 3 in Unarmed Combat
   478 | D:1      | Reached XP level 3. HP: 21/21 MP: 6/6
   858 | D:1      | You add the spells Magic Dart, Searing Ray and Fulminant
                  | Prism to your library.
  1400 | D:2      | Reached skill level 4 in Unarmed Combat
  1473 | D:2      | Reached XP level 4. HP: 26/26 MP: 7/7
  1701 | D:2      | Reached skill level 5 in Unarmed Combat
  1805 | D:2      | Reached XP level 5. HP: 28/30 MP: 8/8
  2314 | D:3      | Noticed Jessica
  2321 | D:3      | Killed Jessica
  2469 | D:3      | Found a burning altar of Makhleb.
  2473 | D:3      | Noticed Terence
  2488 | D:3      | Killed Terence
  2561 | D:3      | Reached skill level 6 in Unarmed Combat
  2600 | D:3      | You add the spells Beastly Appendage, Wereblood and Spider
                  | Form to your library.
  2841 | D:4      | Noticed an ogre
  2841 | D:4      | Found Bonashau's Antique Weapon Shop.
  2918 | D:4      | Found a staircase to the Ecumenical Temple.
  3004 | D:3      | HP: 5/30 [orc priest/divine providence (10)]
  3008 | D:3      | Reached XP level 6. HP: 17/35 MP: 1/9
  3087 | Temple   | Entered the Ecumenical Temple
  3194 | Temple   | Became a worshipper of the Shining One
  3222 | D:4      | Noticed a black bear
  3313 | D:5      | Entered Level 5 of the Dungeon
  3454 | D:5      | Noticed Prince Ribbit
  3454 | D:5      | Noticed Edmund
  3601 | D:4      | Noticed Natasha
  3623 | D:4      | Killed Natasha
  3695 | D:4      | Reached skill level 7 in Unarmed Combat
  3767 | D:4      | Killed a black bear
  3768 | D:4      | Reached XP level 7. HP: 36/40 MP: 7/10
  3780 | D:4      | Noticed Natasha
  3786 | D:4      | Killed Natasha
  3930 | D:4      | Noticed Natasha
  3936 | D:4      | Reached skill level 8 in Unarmed Combat
  3950 | D:4      | HP: 10/40 [Natasha (1)]
  3951 | D:4      | HP: 4/40 [Natasha (2)]
  3953 | D:4      | Killed Natasha
  4124 | D:4      | Found Ytheutsi's Jewellery Shop.
  4238 | D:4      | Identified the +6 dagger "Gaser" {flame, Str+5 Int+5}
  4316 | D:4      | Found Hepre's Antique Weapon Shoppe.
  4500 | D:4      | Reached * piety under the Shining One
  4507 | D:4      | Reached skill level 9 in Unarmed Combat
  4507 | D:4      | Reached XP level 8. HP: 30/44 MP: 8/11
  4785 | D:4      | Found Lymis's General Store.
  4854 | D:4      | Found Mojugg's Magic Scroll Shoppe.
  4862 | D:4      | Bought a scroll of identify for 26 gold pieces
  5183 | D:5      | Killed Prince Ribbit
  5184 | D:5      | Reached skill level 10 in Unarmed Combat
  5261 | D:5      | Reached skill level 1 in Throwing
  5280 | D:4      | magus.rc [v1.11.6]
  5444 | D:5      | Reached skill level 2 in Armour
  5453 | D:5      | Reached skill level 3 in Fighting
  5493 | D:5      | Reached skill level 3 in Armour
  5638 | D:5      | Reached skill level 4 in Fighting
  6046 | D:5      | Reached XP level 9. HP: 49/52 MP: 12/12
  6080 | D:6      | Reached skill level 4 in Armour
  6280 | D:6      | Reached skill level 5 in Armour
  6285 | D:6      | Found a bloodstained altar of Trog.
  6349 | D:6      | Reached skill level 11 in Unarmed Combat
  6413 | D:6      | Noticed Blork the orc
  6485 | D:5      | Killed Edmund
  6719 | D:7      | Found a hide-covered altar of Uskayaw.
  6719 | D:7      | Found a blossoming altar of Fedhas.
  6726 | D:7      | Found a sand-covered staircase.
  6734 | Ossuary  | Entered an ossuary
  6745 | Ossuary  | Reached ** piety under the Shining One
  6797 | Ossuary  | Reached skill level 12 in Unarmed Combat
  6816 | Ossuary  | Reached *** piety under the Shining One
  6978 | D:7      | Reached **** piety under the Shining One
  7002 | D:7      | Reached skill level 1 in Shields
  7061 | D:7      | Reached skill level 2 in Shields
  7112 | D:7      | Reached XP level 10. HP: 58/58 MP: 13/13
  7234 | D:7      | Reached skill level 5 in Fighting
  7311 | D:7      | Reached skill level 6 in Armour
  7311 | D:7      | Reached skill level 3 in Shields
  7461 | D:7      | Identified the ring of Kesal {rPois rF+ rN+ AC+4 Slay+2}
  7500 | D:7      | You add the spells Petrify and Irradiate to your library.
  7703 | D:6      | Killed Blork the orc
  8000 | D:7      | Reached skill level 6 in Fighting
  8052 | D:8      | Reached skill level 7 in Armour
  8105 | D:8      | Noticed a two-headed ogre
  8654 | D:8      | Found a broken altar of Ashenzari.
  8793 | D:9      | Noticed a kobold demonologist
  8794 | D:9      | Noticed a kobold demonologist
  8796 | D:9      | Noticed a rust devil
  8816 | D:8      | Reached skill level 13 in Unarmed Combat
  8937 | D:9      | Reached skill level 7 in Fighting
  8964 | D:8      | Reached skill level 8 in Fighting
  8964 | D:8      | Reached XP level 11. HP: 43/68 MP: 9/14
  9052 | D:8      | Reached skill level 2 in Dodging
  9093 | D:9      | Noticed a sixfirhy
  9095 | D:9      | Reached skill level 8 in Armour
  9103 | D:9      | Noticed a soul eater
  9303 | D:9      | Reached skill level 9 in Armour
  9354 | D:9      | Found an ancient bone altar of Kikubaaqudgha.
  9555 | D:9      | Noticed Gastronok
  9624 | D:10     | Entered Level 10 of the Dungeon
  9624 | D:10     | Noticed Grum
  9708 | D:10     | Killed Grum
  9901 | D:10     | Found Hoes's Antique Weapon Shop.
  9957 | D:10     | Found a shadowy altar of Dithmenos.
  9964 | D:10     | Reached skill level 10 in Armour
 10155 | D:10     | Found an iron altar of Okawaru.
 10246 | D:10     | Reached ***** piety under the Shining One
 10258 | D:10     | Identified the ring "Pufyrph" {MP+9 AC+4}
 10743 | D:11     | Noticed a boulder beetle
 10877 | D:11     | Identified the +1 trident "Sisoitouc" {antimagic, rPois
                  | rCorr SInv}
 10880 | D:11     | You fall into a shaft and drop 1 floor!
 10895 | D:12     | Reached skill level 9 in Fighting
 10907 | D:12     | Noticed a brown ugly thing
 10937 | D:12     | Killed a brown ugly thing
 11001 | D:12     | Noticed a cyclops
 11001 | D:12     | Noticed a manticore
 11033 | D:12     | Noticed a boulder beetle
 11033 | D:12     | Noticed a cyclops
 11050 | D:12     | Killed a cyclops
 11099 | D:12     | Killed a boulder beetle
 11112 | D:12     | Killed a cyclops
 11113 | D:12     | Reached XP level 12. HP: 43/77 MP: 15/15
 11253 | D:12     | Reached skill level 10 in Fighting
 11253 | D:12     | Reached skill level 14 in Unarmed Combat
 11455 | D:12     | Reached skill level 1 in Invocations
 11786 | D:11     | Killed a boulder beetle
 11787 | D:11     | Reached skill level 2 in Invocations
 11850 | D:11     | Reached skill level 4 in Shields
 11921 | D:11     | Found a staircase to the Orcish Mines.
 11987 | D:11     | Identified the +2 chain mail of Agnosticism {Str+3 Stlth+}
 12232 | D:9      | Noticed a centaur warrior
 12240 | D:9      | Killed a centaur warrior
 12241 | D:9      | Reached skill level 3 in Invocations
 12257 | D:9      | Noticed a two-headed ogre
 12282 | D:9      | Killed a two-headed ogre
 12288 | D:9      | Reached skill level 1 in Evocations
 12349 | D:9      | Noticed a centaur warrior
 12362 | D:9      | Killed a centaur warrior
 12363 | D:9      | Reached skill level 4 in Invocations
 12367 | D:9      | Reached skill level 2 in Evocations
 12370 | D:9      | Reached skill level 11 in Fighting
 12465 | D:9      | Reached skill level 5 in Invocations
 12467 | D:9      | Noticed a four-headed hydra
 12477 | D:9      | Killed a four-headed hydra
 12478 | D:9      | Reached skill level 3 in Evocations
 12714 | D:8      | Found a staircase to the Lair.
 12731 | Lair:1   | Entered Level 1 of the Lair of Beasts
 13075 | Lair:1   | Reached skill level 4 in Evocations
 13367 | Lair:1   | You add the spells Kiss of Death, Confusing Touch and
                  | Dispel Undead to your library.
 13775 | Lair:2   | Reached XP level 13. HP: 85/85 MP: 16/16
 14138 | Lair:2   | Reached skill level 12 in Fighting
 14138 | Lair:2   | Reached skill level 5 in Evocations
 14584 | Lair:3   | Reached skill level 15 in Unarmed Combat
 14667 | Lair:3   | Found a staircase to the Shoals.
 15002 | Lair:3   | Reached skill level 11 in Armour
 15186 | Lair:3   | Found a staircase to the Snake Pit.
 15614 | Lair:4   | You add the spells Sandblast, Passwall and Stone Arrow to
                  | your library.
 15857 | Lair:4   | Noticed Snorg
 15867 | Lair:4   | Killed Snorg
 15982 | Lair:4   | Identified the +4 sling "Pasuir" {flame, rC+}
 15988 | Lair:4   | Identified the +7 short sword of Yce Niho {heavy, Str+9
                  | Int-2 Stlth+}
 16223 | Lair:5   | Entered Level 5 of the Lair of Beasts
 16292 | Lair:5   | Reached skill level 12 in Armour
 16719 | Lair:5   | Reached skill level 6 in Invocations
 16938 | Lair:5   | Reached skill level 7 in Invocations
 16959 | Lair:5   | Gained mutation: Your large and strong wings let you fly.
                  | [Gargoyle growth]
 16959 | Lair:5   | Reached XP level 14. HP: 65/92 MP: 14/19
 17416 | Lair:5   | Reached skill level 8 in Invocations
 17439 | Lair:5   | Reached skill level 16 in Unarmed Combat
 17729 | Lair:5   | Identified the staff of poison "Lien" {rPois MP+9}
 17897 | Lair:5   | Found a viscous altar of Jiyva.
 17898 | Lair:5   | Found a staircase to the Slime Pits.
 18070 | D:8      | Noticed Maurice
 18085 | D:8      | Killed Maurice
 18107 | D:8      | You add the spells Inner Flame, Sticky Flame and Flame Wave
                  | to your library.
 18531 | D:12     | Noticed Lodul
 18547 | D:12     | Killed Lodul
 18548 | D:12     | Reached skill level 13 in Fighting
 18637 | D:12     | HP: 22/94 [large slime creature (20)]
 18638 | D:12     | HP: 7/94 [large slime creature (14)]
 18919 | D:12     | Identified a scroll of acquirement
 19307 | D:13     | Noticed Rupert
 19373 | D:13     | Identified the +0 buckler of the Moon {*Slow +Inv rElec
                  | Dex+3}
 19424 | D:13     | HP: 21/95 [meliai/+0 war axe (4)]
 19425 | D:13     | HP: 4/95 [meliai/divine providence (7)]
 19950 | D:12     | Reached skill level 14 in Fighting
 19999 | D:13     | Reached ****** piety under the Shining One
 20247 | D:13     | You add the spells Summon Forest, Eringya's Noxious Bog and
                  | Summon Hydra to your library.
 20304 | D:13     | Paralysed by Rupert for 2 turns
 20401 | D:13     | Reached skill level 3 in Dodging
 20401 | D:13     | Reached skill level 5 in Shields
 20410 | D:13     | Found a gate to the Vaults.
 20582 | D:13     | HP: 13/96 [vault guard/+0 great sword (13)]
 20587 | D:13     | Reached skill level 4 in Dodging
 21770 | D:14     | You are cast into the Abyss!
 21770 | Abyss:2  | Cast into level 2 of the Abyss (a wizard)
 21798 | Abyss:2  | Found a corrupted altar of Lugonu.
 21849 | Abyss:2  | Reached XP level 15. HP: 101/101 MP: 21/21
 22083 | Abyss:2  | Reached skill level 9 in Invocations
 22256 | Abyss:2  | Noticed a balrug
 22450 | Abyss:2  | Found a corrupted altar of Lugonu.
 22492 | Abyss:2  | Noticed a tentacled starspawn
 22507 | Abyss:2  | Killed a tentacled starspawn
 22539 | Abyss:2  | Noticed a tentacled starspawn
 22546 | Abyss:2  | Killed a tentacled starspawn
 22547 | Abyss:2  | Reached skill level 15 in Fighting
 22549 | D:14     | You pass through the gate.
 22549 | D:14     | Escaped the Abyss
 22995 | D:14     | Reached skill level 10 in Invocations
 22998 | D:14     | You are cast into the Abyss!
 22998 | Abyss:2  | Cast into level 2 of the Abyss (a wizard)
 23001 | D:14     | You pass through the gate.
 23001 | D:14     | Escaped the Abyss
 23344 | Orc:1    | Entered Level 1 of the Orcish Mines
 23467 | Orc:1    | Noticed Erica
 23477 | Orc:1    | Paralysed by Erica for 4 turns
 23488 | Orc:1    | Killed Erica
 23642 | Orc:1    | Reached skill level 17 in Unarmed Combat
 24079 | Orc:2    | Entered Level 2 of the Orcish Mines
 24170 | Orc:2    | Found a burning altar of Makhleb.
 24466 | Orc:2    | Found Nukuq's Antique Weapon Shoppe.
 24490 | Orc:2    | Found Komet's Assorted Antiques.
 24522 | Orc:2    | Bought a scroll of identify for 56 gold pieces
 24604 | Orc:2    | Found Otoelouth's Book Shoppe.
 24604 | Orc:2    | Found Ateaxiw's Antique Armour Shop.
 25083 | Orc:2    | Bought a pair of brightly glowing gloves for 228 gold
                  | pieces
 25083 | Orc:2    | Identified the +0 pair of gloves of Urexkogg {Contam rF++
                  | Str+8} (You bought it in a shop on level 2 of the Orcish
                  | Mines)
 25083 | Orc:2    | Bought a pitted helmet for 228 gold pieces
 25083 | Orc:2    | Identified the +1 helmet of Tetoy {Dex+3} (You bought it in
                  | a shop on level 2 of the Orcish Mines)
 25140 | Orc:2    | Found a staircase to the Elven Halls.
 25538 | D:15     | Entered Level 15 of the Dungeon
 25746 | D:15     | Reached skill level 16 in Fighting
 25863 | D:15     | Noticed Agnes
 25882 | D:15     | Killed Agnes
 26115 | D:15     | Found a staircase to the Depths.
 26488 | D:15     | Reached XP level 16. HP: 108/110 MP: 21/23
 26863 | Snake:1  | Entered Level 1 of the Snake Pit
 27139 | Snake:1  | Reached skill level 18 in Unarmed Combat
 27367 | Snake:1  | Reached skill level 6 in Shields
 27605 | Snake:1  | Found Qitanonn's Book Shoppe.
 27605 | Snake:1  | Found Ibloce's Jewellery Boutique.
 27606 | Snake:1  | Found Plog's Jewellery Boutique.
 27810 | Snake:1  | Found a runed translucent gate.
 27810 | Snake:1  | Found a runed translucent gate.
 27810 | Snake:1  | Found a runed translucent gate.
 27822 | Snake:1  | Noticed mif's ghost (journeyman MiBe)
 28377 | Snake:2  | Noticed Kirke
 28403 | Snake:2  | Killed Kirke
 28404 | Snake:2  | Reached skill level 7 in Shields
 28423 | Snake:2  | Found a radiant altar of Vehumet.
 28545 | Snake:2  | Reached skill level 13 in Armour
 28563 | Snake:2  | Identified the +1 arbalest of the Elven Halls {flame,
                  | Contam Will++}
 28566 | Snake:2  | Identified the +4 short sword of Exhibitionism {holy, rN+}
 28701 | Snake:2  | Noticed Louise
 28702 | Snake:2  | You are cast into the Abyss!
 28702 | Abyss:3  | Cast into level 3 of the Abyss (Louise)
 28742 | Abyss:3  | Found a corrupted altar of Lugonu.
 28754 | Abyss:3  | Noticed a tentacled starspawn
 28765 | Abyss:3  | Killed a tentacled starspawn
 28783 | Abyss:3  | Found a corrupted altar of Lugonu.
 28909 | Abyss:3  | Noticed a dread lich
 28917 | Abyss:3  | Gained mutation: Potions are less effective at restoring
                  | your health. [a neqoxec]
 28924 | Abyss:3  | Paralysed by a dread lich for 4 turns
 28930 | Abyss:3  | Noticed a tentacled starspawn
 28934 | Abyss:3  | Killed a dread lich
 28935 | Abyss:3  | Reached skill level 8 in Shields
 28943 | Abyss:3  | Killed a tentacled starspawn
 28994 | Abyss:3  | Reached skill level 14 in Armour
 28997 | Abyss:3  | Noticed an Executioner
 29006 | Abyss:3  | Killed an Executioner
 29015 | Snake:2  | You pass through the gate.
 29015 | Snake:2  | Escaped the Abyss
 29026 | Snake:2  | Killed Louise
 29361 | Snake:2  | Noticed Vashnia
 29394 | Snake:2  | Killed Vashnia
 29503 | Snake:2  | You add the spells Slow and Vampiric Draining to your
                  | library.
 29691 | Snake:2  | Reached skill level 6 in Evocations
 30059 | Snake:3  | Reached XP level 17. HP: 108/116 MP: 20/24
 30326 | Snake:3  | Noticed Nikola
 30372 | Snake:3  | Killed Nikola
 30726 | Snake:3  | Found Seper's General Store.
 30726 | Snake:3  | Found Agod's Book Emporium.
 30729 | Snake:3  | Found Hukh's Distillery.
 30735 | Snake:3  | Bought 2 potions of resistance for 260 gold pieces
 30735 | Snake:3  | Bought a scroll of identify for 26 gold pieces
 30735 | Snake:3  | Bought a scroll of identify for 26 gold pieces
 30751 | Snake:3  | Found Poler's Distillery.
 30763 | Snake:3  | Reached skill level 7 in Evocations
 30783 | Snake:3  | Reached skill level 17 in Fighting
 31030 | Snake:3  | Bought a potion of heal wounds for 70 gold pieces
 31030 | Snake:3  | Bought a potion of heal wounds for 70 gold pieces
 31030 | Snake:3  | Bought a potion of cancellation for 112 gold pieces
 31083 | Snake:3  | Bought a potion of heal wounds for 90 gold pieces
 31569 | Shoals:1 | Entered Level 1 of the Shoals
 31569 | Shoals:1 | You are sucked into a shaft and drop 1 floor!
 31657 | Shoals:2 | Reached skill level 19 in Unarmed Combat
 31785 | Shoals:2 | Noticed a titan
 32598 | Shoals:1 | Noticed Mlioglotl
 32608 | Shoals:1 | Noticed a tentacled starspawn
 32692 | Lair:3   | Acquired the ring "Veec" {rC+ Will+ Int+3}
 32769 | Snake:4  | Entered Level 4 of the Snake Pit
 32917 | Snake:4  | Reached skill level 18 in Fighting
 33788 | Snake:4  | Reached skill level 20 in Unarmed Combat
 33947 | Snake:4  | Reached XP level 18. HP: 120/125 MP: 22/25
 33987 | Snake:4  | Reached skill level 9 in Shields
 34130 | Snake:4  | Reached skill level 10 in Shields
 34190 | Snake:4  | Got a serpentine rune of Zot
 34434 | Snake:4  | You add the spells Animate Dead, Borgnjor's Vile Clutch and
                  | Death Channel to your library.
 34661 | Shoals:1 | HP: 29/125 [merfolk impaler/+2 trident of venom (4)]
 34667 | Shoals:1 | HP: 25/125 [harpy (7)]
 35133 | Shoals:1 | Found Wuak's Visitors' Centre.
 35133 | Shoals:1 | Found Wuak's Merfolk Weapons.
 35143 | Shoals:1 | Noticed a tentacled monstrosity
 35149 | Shoals:1 | Killed Mlioglotl
 35160 | Shoals:1 | Reached skill level 11 in Invocations
 35285 | Shoals:1 | Found Wuak's Merfolk Magic.
 35288 | Shoals:1 | Found Wuak's Merfolk Armours.
 35733 | Shoals:2 | Found Bayajidda's Dragon-Slaying Spoils.
 35852 | Shoals:2 | Killed a titan
 35853 | Shoals:2 | Reached skill level 15 in Armour
 35956 | Shoals:2 | Identified the +1 leather armour "Byemp" {+Inv rC+ Dex+6}
 36442 | Shoals:3 | Noticed Mara
 36703 | Shoals:3 | Noticed Kenran's illusion
 37238 | Shoals:3 | Reached skill level 12 in Invocations
 37366 | Shoals:3 | Noticed Kenran's illusion
 37626 | Shoals:4 | Entered Level 4 of the Shoals
 37626 | Shoals:4 | Identified a +2 robe of the Archmagi
 37832 | Shoals:4 | Identified Roxanne's Annotations on Metal
 37832 | Shoals:4 | Noticed Roxanne
 37988 | Shoals:4 | Reached skill level 16 in Armour
 38302 | Shoals:4 | Reached XP level 19. HP: 85/130 MP: 25/28
 38537 | Shoals:4 | Killed Roxanne
 38553 | Shoals:4 | You add the spell Shatter to your library.
 38674 | Shoals:4 | Got a barnacled rune of Zot
 38766 | Shoals:4 | Reached skill level 11 in Shields
 39449 | Vaults:1 | Entered Level 1 of the Vaults
 39581 | Vaults:1 | Found a runed translucent gate.
 39581 | Vaults:1 | Found a runed translucent gate.
 39581 | Vaults:1 | Found a runed translucent gate.
 39583 | Vaults:1 | Noticed laial's ghost (adept DsBr)
 39739 | Vaults:1 | You add the spells Chain Lightning and Fire Storm to your
                  | library.
 39807 | Vaults:1 | Paralysed by a sphinx for 3 turns
 39872 | Vaults:1 | Reached skill level 12 in Shields
 40048 | Vaults:1 | Reached skill level 21 in Unarmed Combat
 40242 | Vaults:1 | Found Useax's Book Shop.
 41248 | Vaults:1 | Found an iron altar of Okawaru.
 41439 | D:9      | Found an ancient bone altar of Kikubaaqudgha.
 41744 | D:9      | Killed Gastronok
 41908 | Snake:1  | Killed mif's ghost
 41937 | Snake:1  | Identified the +8 long sword of Egiryo {flame, Str+2}
 41943 | Snake:1  | You add the spell Fireball to your library.
 41943 | Snake:1  | Got Sif Muna's Compendium of Harmful Mortification
 42254 | Vaults:1 | Killed laial's ghost
 42370 | Vaults:1 | Reached skill level 13 in Invocations
 42547 | Vaults:2 | Found Moten's Weapon Boutique.
 42721 | Vaults:2 | HP: 28/130 [deep elf high priest/damnation (15)]
 42727 | Vaults:2 | HP: 23/130 [tengu reaver/bolt of lightning (5)]
 42988 | Vaults:2 | You are cast into the Abyss!
 42988 | Abyss:3  | Cast into level 3 of the Abyss (a wizard)
 42993 | Abyss:3  | Noticed a bone dragon
 43012 | Abyss:3  | Killed a bone dragon
 43013 | Abyss:3  | Reached skill level 17 in Armour
 43016 | Abyss:3  | Noticed a bone dragon
 43035 | Abyss:3  | Killed a bone dragon
 43240 | Abyss:3  | Reached XP level 20. HP: 130/136 MP: 28/30
 43249 | Abyss:3  | Reached skill level 14 in Invocations
 43319 | Vaults:2 | You pass through the gate.
 43319 | Vaults:2 | Escaped the Abyss
 43759 | Vaults:2 | You are sucked into a shaft and drop 2 floors!
 43777 | Vaults:4 | Reached skill level 15 in Invocations
 43962 | Vaults:3 | Found a staircase to the Crypt.
 44098 | Vaults:3 | Noticed Margery
 44116 | Vaults:3 | Killed Margery
 44143 | Vaults:2 | HP: 23/136 [tengu reaver/+3 dire flail (14)]
 44633 | Vaults:2 | Paralysed by a great orb of eyes for 2 turns
 44642 | Vaults:2 | Noticed Zenata
 44711 | Vaults:2 | Reached skill level 8 in Evocations
 45634 | Vaults:2 | Reached skill level 18 in Armour
 45909 | Vaults:3 | Reached skill level 9 in Evocations
 46152 | Vaults:3 | Reached skill level 10 in Evocations
 46368 | Vaults:2 | Killed Zenata
 46756 | Shoals:2 | Bought the +9 gold dragon scales "Godim" {rPois rF+ rC+
                  | Regen+ Str+4 Int-5} for 2041 gold pieces
 46756 | Shoals:2 | C - the +9 gold dragon scales "Godim" {rPois rF+ rC+ Regen+
                  | Str+4 Int-5, rare}
 46768 | Shoals:2 | You finish putting on the +9 gold dragon scales "Godim"
                  | {rPois rF+ rC+ Regen+ Str+4 Int-5, rare}.
 47193 | Vaults:3 | Reached skill level 5 in Dodging
 47344 | Vaults:3 | Reached skill level 6 in Dodging
 47356 | Vaults:3 | Reached XP level 21. HP: 103/141 MP: 20/32
 47490 | Vaults:3 | Noticed Asterion
 47500 | Vaults:3 | Killed Asterion
 47522 | Vaults:3 | +0 shadow dragon scales {rare}; a +1 war axe of flaming
 47538 | Vaults:3 | +0 shadow dragon scales {rare}; a +1 war axe of flaming
 47614 | Vaults:3 | Noticed a golden dragon
 47645 | Vaults:3 | Killed a golden dragon
 47646 | Vaults:3 | Reached skill level 7 in Dodging
 47703 | Vaults:3 | You add the spells Haunt and Infestation to your library.
 47941 | Vaults:3 | Noticed Frederick
 47949 | Vaults:3 | Killed Frederick
 47954 | Vaults:3 | a +4 eveningstar of protection {rare}; a +0 plate armour;
                  | the demigod corpse of Frederick
 48387 | Vaults:4 | Reached skill level 8 in Dodging
 49085 | Vaults:4 | Noticed Bai Suzhen
 49087 | Vaults:4 | Noticed Mennas
 49349 | Depths:1 | Entered Level 1 of the Depths
 49570 | Vaults:3 | +0 shadow dragon scales {rare}; a +1 war axe of flaming
 49576 | Crypt:1  | Entered Level 1 of the Crypt
 49622 | Crypt:1  | Identified the +2 pair of gloves of the Orcish Mines {rC+
                  | Will+ MP+9 Dex+3}
 49734 | Crypt:1  | Noticed a curse skull
 49749 | Crypt:1  | Killed a curse skull
 50145 | Crypt:1  | Noticed a curse skull
 50153 | Crypt:1  | Killed a curse skull
 50154 | Crypt:1  | Reached skill level 22 in Unarmed Combat
 50239 | Crypt:1  | You add the spells Summon Small Mammal, Call Canine
                  | Familiar and Summon Guardian Golem to your library.
 50680 | Crypt:2  | Identified the +1 great sword of Discomfort {heavy, Will++
                  | Str-3 Int+3}
 50738 | Crypt:2  | You add the spell Storm Form to your library.
 50869 | Crypt:2  | Reached skill level 19 in Armour
 50871 | Crypt:2  | Found a magical portal.
 50898 | WizLab   | Entered The Chambers of the Cloud Mage
 50910 | WizLab   | Paralysed by an air elemental for 1 turns
 51077 | WizLab   | Paralysed by an air elemental for 1 turns
 51083 | WizLab   | Paralysed by an air elemental for 1 turns
 51122 | WizLab   | Reached XP level 22. HP: 130/147 MP: 28/33
 51188 | WizLab   | Paralysed by an air elemental for 1 turns
 51204 | WizLab   | Paralysed by an air elemental for 1 turns
 51225 | WizLab   | Identified the +3 long sword of Circular Logic {heavy, rC+
                  | Str+3}
 51249 | WizLab   | Pijicrufiej the Cloud Mage comes into view. They are
                  | wielding a +1 quick blade of electrocution and wearing the
                  | +3 robe of Clouds {*Thunder rCloud rElec}.
 51249 | WizLab   | Noticed Pijicrufiej
 51253 | WizLab   | Here: Pijicrufiej the Cloud Mage, wielding a +1 quick blade
                  | of electrocution and wearing the +3 robe of Clouds
                  | {*Thunder rCloud rElec} (haloed)
 51253 | WizLab   | Here: Pijicrufiej the Cloud Mage, wielding a +1 quick blade
                  | of electrocution and wearing the +3 robe of Clouds
                  | {*Thunder rCloud rElec} (haloed)
 51258 | WizLab   | Killed Pijicrufiej the Cloud Mage
 51266 | WizLab   | Found the +2 pair of slick slippers {slick, slippery, EV+4}
 51292 | WizLab   | You add the spell Gell's Gravitas to your library.
 51298 | WizLab   | You add the spells Summon Lightning Spire, Freezing Cloud
                  | and Plasma Beam to your library.
 51298 | WizLab   | Got the Compendium of the Welkin
 51858 | Crypt:3  | Entered Level 3 of the Crypt
 51928 | Crypt:3  | Noticed a curse skull
 51928 | Crypt:3  | Noticed a curse toe
 51942 | Crypt:2  | Killed a curse skull
 51953 | Crypt:2  | Killed a curse toe
 51970 | Crypt:3  | Reached skill level 23 in Unarmed Combat
 52084 | Crypt:3  | Reached skill level 20 in Armour
 52113 | Crypt:3  | Noticed a dread lich
 52160 | Crypt:3  | Killed a dread lich
 52290 | Crypt:3  | Noticed a dread lich
 52292 | Crypt:3  | Identified the ring "Bomigoij" {Wiz rC+ Int+5 Dex+3}
 52305 | Crypt:3  | Killed a dread lich
 52378 | Crypt:3  | Identified the +0 leather armour of the Lion {-Cast Harm
                  | Will+++ Int-4}
 52382 | Crypt:3  | Identified the amulet "Neunoe" {RegenMP rElec rN+}
 52386 | Crypt:3  | Identified the +9 spear of Exchange {flame, rElec Int+3}
 52395 | Crypt:3  | Identified the +10 sling "Qowu" {freeze, rPois Int+2
                  | Stlth-}
 52467 | Crypt:3  | Upgraded the game from 0.30.0-2-g1aa4bd4387 to
                  | 0.30.0-5-g1a98f26d00
 52467 | Crypt:3  | magus.rc [v1.11.6]
 52652 | Crypt:3  | Found a staircase to the Tomb.
 52873 | Crypt:3  | magus.rc [v1.11.6]
 53252 | Depths:1 | Found a one-way gateway to a ziggurat.
 53252 | Depths:1 | Noticed a dread lich
 53326 | Depths:1 | Killed a dread lich
 53368 | Depths:1 | Found a one-way gate leading to the halls of Pandemonium.
 53643 | Depths:1 | Found a hazy altar of Hepliaklqana.
 53724 | Depths:1 | Found a portal to a secret trove of treasure.
 53738 | Depths:1 | This trove needs a +5 demon whip to function. Give it the
                  | item?
 54329 | Depths:1 | This trove needs a +5 demon whip to function. Give it the
                  | item?
 54329 | Depths:1 | You paid a toll of a +5 demon whip to enter a treasure
                  | trove
 54330 | Trove    | Entered a treasure trove
 54337 | Trove    | Identified the scarf "Kawirch" {rC+ rF+, rElec Will+}
 54347 | Trove    | Identified the +3 chain mail of Divine Compulsion {rPois
                  | Dex+2}
 54354 | Trove    | Identified the +12 crystal plate armour of Nudix {Str+3}
 54355 | Trove    | I - the +12 crystal plate armour of Nudix {Str+3, rare}
 54360 | Trove    | Identified the ring "Tut Oxiq" {Dex+2 SInv}
 54396 | Depths:1 | You finish taking off the +9 gold dragon scales "Godim"
                  | {rPois rF+ rC+ Regen+ Str+4 Int-5, rare}.
 54401 | Depths:1 | You finish putting on the +12 crystal plate armour of Nudix
                  | {Str+3, rare}.
 54497 | Depths:1 | Found an iron altar of Okawaru.
 54522 | Depths:1 | Reached skill level 13 in Shields
 54592 | Depths:1 | Reached XP level 23. HP: 121/152 MP: 29/34
 54674 | Depths:1 | Found Huramuod's Jewellery Boutique.
 54844 | Depths:1 | Found a gateway to Hell.
 54932 | Depths:2 | Reached skill level 16 in Invocations
 55370 | Depths:2 | You add the spells Malign Gateway and Summon Horrible
                  | Things to your library.
 55775 | Depths:2 | Reached skill level 21 in Armour
 55810 | Depths:2 | Found a hazy altar of Hepliaklqana.
 55845 | Depths:2 | Identified the ring of Bodily Harmony {Ice rElec Str+2
                  | Dex+3 Slay-4}
 55845 | Depths:2 | Noticed Josephina
 55871 | Depths:2 | Killed Josephina
 56253 | Depths:3 | Reached skill level 14 in Shields
 56351 | Depths:3 | Noticed a caustic shrike
 56366 | Depths:3 | Killed a caustic shrike
 56375 | Depths:3 | Noticed a juggernaut
 56401 | Depths:3 | Killed a juggernaut
 56451 | Depths:3 | Reached skill level 24 in Unarmed Combat
 56476 | Depths:3 | Noticed a caustic shrike
 56487 | Depths:3 | Killed a caustic shrike
 56565 | Depths:3 | Found Pygi's Jewellery Shop.
 56565 | Depths:3 | Found Zysmogod's Armour Boutique.
 56565 | Depths:3 | Identified the staff of death "Maecoyre" {rN+ Str+2}
 56717 | Depths:3 | Reached skill level 15 in Shields
 56905 | Depths:3 | You add the spells Freeze, Frozen Ramparts and Hailstorm to
                  | your library.
 56927 | Depths:3 | Identified the ring of the Battered Scars {rF- EV+5 Dex+6}
 57022 | Depths:3 | Found a one-way gate to the infinite horrors of the Abyss.
 57044 | Depths:3 | Reached skill level 22 in Armour
 57044 | Depths:3 | Reached XP level 24. HP: 157/157 MP: 35/35
 57045 | Depths:3 | You add the spells Ice Form and Simulacrum to your library.
 57594 | Depths:4 | Entered Level 4 of the Depths
 58038 | Depths:4 | Reached skill level 17 in Invocations
 58124 | Depths:4 | Found a corrupted altar of Lugonu.
 58204 | Depths:4 | Found a gate to the Realm of Zot.
 58230 | Depths:4 | Identified +0 gold dragon scales
 58979 | D:4      | Bought a ring of resist corrosion for 280 gold pieces
 59036 | D:4      | Bought a potion of curing for 36 gold pieces
 59036 | D:4      | Bought a potion of mutation for 96 gold pieces
 59036 | D:4      | Bought a scroll of fog for 48 gold pieces
 59282 | Snake:3  | Bought 2 potions of attraction for 84 gold pieces
 59282 | Snake:3  | Bought a potion of curing for 42 gold pieces
 59282 | Snake:3  | Bought a potion of curing for 42 gold pieces
 59286 | Snake:3  | Bought a scroll of blinking for 97 gold pieces
 59517 | D:4      | Bought a scroll of blinking for 97 gold pieces
 59517 | D:4      | Bought a scroll of enchant armour for 97 gold pieces
 59517 | D:4      | Bought a scroll of magic mapping for 97 gold pieces
 59761 | Orc:2    | Bought a lightning rod (4/4) for 840 gold pieces
 59761 | Orc:2    | Bought a scroll of magic mapping for 210 gold pieces
 59761 | Orc:2    | Bought 2 potions of curing for 168 gold pieces
 59761 | Orc:2    | Bought a potion of resistance for 280 gold pieces
 60046 | Slime:1  | Entered Level 1 of the Pits of Slime
 60061 | Slime:1  | Reached skill level 19 in Fighting
 60172 | Slime:1  | You are sucked into a shaft and drop 1 floor!
 60495 | Slime:4  | Reached skill level 18 in Invocations
 60596 | Slime:5  | Entered Level 5 of the Pits of Slime
 60728 | Slime:5  | Found a viscous altar of Jiyva.
 60728 | Slime:5  | Noticed the Royal Jelly
 60768 | Slime:5  | Reached skill level 20 in Fighting
 60893 | Slime:5  | Gained mutation: You are vulnerable to cold. (rC-) [a
                  | shining eye]
 60933 | Slime:5  | Gained mutation: Your spells are a little easier to cast,
                  | but a little less powerful. [a shining eye]
 61037 | Slime:5  | Gained mutation: You occasionally shout uncontrollably at
                  | your foes. [a shining eye]
 61039 | Slime:5  | Gained mutation: You are weak. (Str -2) [a shining eye]
 61042 | Slime:5  | Lost mutation: You occasionally shout uncontrollably at
                  | your foes. [a shining eye]
 61045 | Slime:5  | Gained mutation: You have hidden genetic defects. [a
                  | shining eye]
 61087 | Slime:5  | Found the +6 Majin-Bo {spellvamp, MP+6 Int+6}
 61222 | Slime:5  | Gained mutation: Your body sometimes deteriorates upon
                  | taking damage. [a shining eye]
 61236 | Slime:5  | Gained mutation: You are dopey. (Int -2) [a shining eye]
 61237 | Slime:5  | Gained mutation: You have terrible hidden genetic defects.
                  | [a shining eye]
 61241 | Slime:5  | Gained mutation: You occasionally lose the ability to read
                  | scrolls when taking damage. [a shining eye]
 61243 | Slime:5  | Lost mutation: You are dopey. (Int -2) [potion of mutation]
 61243 | Slime:5  | Lost mutation: You have terrible hidden genetic defects.
                  | [potion of mutation]
 61243 | Slime:5  | Lost mutation: You occasionally lose the ability to read
                  | scrolls when taking damage. [potion of mutation]
 61244 | Slime:5  | Lost mutation: Your body sometimes deteriorates upon taking
                  | damage. [potion of mutation]
 61244 | Slime:5  | Lost mutation: Your spells are a little easier to cast, but
                  | a little less powerful. [potion of mutation]
 61244 | Slime:5  | Lost mutation: Potions are less effective at restoring your
                  | health. [potion of mutation]
 61244 | Slime:5  | Gained mutation: You are very weak. (Str -4) [potion of
                  | mutation]
 61244 | Slime:5  | Lost mutation: You have hidden genetic defects. [potion of
                  | mutation]
 61244 | Slime:5  | Gained mutation: You are robust. (+10% HP) [potion of
                  | mutation]
 61244 | Slime:5  | Gained mutation: You expend magic power (3 MP) to
                  | strengthen your wands. [potion of mutation]
 62077 | Depths:3 | Voluntarily entered the Abyss.
 62105 | Abyss:3  | Reached skill level 9 in Dodging
 62289 | Abyss:3  | Found a glowing golden altar of the Shining One.
 62298 | Abyss:3  | Noticed a juggernaut
 62316 | Abyss:3  | Killed a juggernaut
 62359 | Abyss:3  | Got an abyssal rune of Zot
 62380 | Depths:3 | You pass through the gate.
 62380 | Depths:3 | Escaped the Abyss
 62436 | Zot:1    | Entered Level 1 of the Realm of Zot
 62532 | Zot:1    | Reached skill level 10 in Dodging
 62554 | Zot:1    | Reached XP level 25. HP: 184/184 MP: 36/36
 62579 | Zot:1    | You add the spell Dispersal to your library.
 62738 | Zot:1    | +0 shadow dragon scales {rare}; a shadow dragon corpse
 63148 | Zot:1    | Reached skill level 11 in Evocations
 63249 | Zot:1    | +0 shadow dragon scales {rare}; a shadow dragon corpse; a
                  | moth of wrath corpse
 63252 | Zot:1    | +0 storm dragon scales {rare}; a storm dragon corpse
 63332 | Zot:1    | Identified the amulet "Nuocoir" {Spirit rC+++ Str+3 SInv
                  | Stlth-}
 63568 | Zot:1    | Noticed a curse toe
 63591 | Zot:1    | Killed a curse toe
 63667 | Zot:1    | Lost mutation: You are very weak. (Str -4) [potion of
                  | mutation]
 63667 | Zot:1    | Lost mutation: You are robust. (+10% HP) [potion of
                  | mutation]
 63667 | Zot:1    | Lost mutation: You are vulnerable to cold. (rC-) [potion of
                  | mutation]
 63667 | Zot:1    | Lost mutation: You expend magic power (3 MP) to strengthen
                  | your wands. [potion of mutation]
 63667 | Zot:1    | Gained mutation: You are dopey. (Int -2) [potion of
                  | mutation]
 63667 | Zot:1    | Gained mutation: You are clumsy. (Dex -2) [potion of
                  | mutation]
 63667 | Zot:1    | Gained mutation: Your flesh is heat resistant. (rF+)
                  | [potion of mutation]
 63668 | Zot:1    | magus.rc [v1.11.6]
 64029 | Vaults:5 | Entered Level 5 of the Vaults
 64177 | Vaults:4 | Killed Bai Suzhen
 64276 | Vaults:5 | Reached skill level 12 in Evocations
 64276 | Vaults:5 | Noticed an ancient lich
 64288 | Vaults:5 | Killed an ancient lich
 64306 | Vaults:5 | Reached skill level 25 in Unarmed Combat
 64482 | Vaults:5 | Identified the +8 plate armour of Qizxy {Rampage rF++
                  | Str+2}
 64538 | Vaults:5 | Identified the ring of Wifu {*Corrode Fly rElec rN+++
                  | Dex+2}
 64669 | Vaults:5 | Noticed a dread lich
 64686 | Vaults:5 | Killed a dread lich
 64720 | Vaults:5 | Reached skill level 26 in Unarmed Combat
 64743 | Vaults:5 | Reached XP level 26. HP: 174/174 MP: 36/36
 64900 | Vaults:5 | Identified the +1 ring mail of the Ageless Mice {Harm rF++
                  | Dex+3}
 64937 | Vaults:5 | You add the spells Static Discharge and Airstrike to your
                  | library.
 65043 | Vaults:5 | Noticed a dread lich
 65078 | Vaults:5 | Killed a dread lich
 65149 | Vaults:5 | You add the spells Poisonous Vapours and Mephitic Cloud to
                  | your library.
 65233 | Vaults:5 | Noticed an ancient lich
 65238 | Vaults:5 | Killed an ancient lich
 65303 | Vaults:5 | Got a silver rune of Zot
 65308 | Vaults:5 | You add the spells Iskenderun's Battlesphere, Conjure Ball
                  | Lightning and Orb of Destruction to your library.
 65313 | Vaults:5 | Identified the +6 scale mail of the Valley of Death {Harm}
 65322 | Vaults:5 | You add the spell Ignite Poison to your library.
 65730 | Vaults:5 | You add the spell Spellforged Servitor to your library.
 66060 | Pan      | Entered Pandemonium
 66127 | Pan      | Noticed Tanuc the pandemonium lord
 66139 | Pan      | HP: 35/174 [Tanuc the pandemonium lord/arc of chain
                  | lightning (67)]
 66144 | Pan      | HP: 34/174 [Tanuc the pandemonium lord/arc of chain
                  | lightning (60)]
 66149 | Pan      | Killed Tanuc the pandemonium lord
 66150 | Pan      | Reached skill level 27 in Unarmed Combat
 66158 | Pan      | Gained mutation: You occasionally lose the ability to read
                  | scrolls when taking damage. [a neqoxec]
 66187 | Pan      | Identified the ring of Starshine {rPois rF+ Will+ Dex+5
                  | Slay-5}
 66628 | Pan      | Identified +2 pearl dragon scales
 66628 | Pan      | Identified the ring "Dymmotubru" {EV+5 Dex+5}
 66628 | Pan      | Noticed a seraph
 66658 | Pan      | Killed a seraph
 66660 | Pan      | a +8 great sword of flaming; +2 pearl dragon scales {rare};
                  | the ring "Dymmotubru" {EV+5 Dex+5}
 66701 | Pan      | the ring of Starshine {rPois rF+ Will+ Dex+5 Slay-5}; a +8
                  | great sword of flaming; +2 pearl dragon scales {rare}
 66716 | Pan      | Identified the -1 buckler "Muolauz" {Drain rN++}
 66745 | Pan      | Found a glowing golden altar of the Shining One.
 66764 | Pan      | You add the spell Ignition to your library.
 66768 | Pan      | You add the spell Disjunction to your library.
 66771 | Pan      | You add the spells Foxfire, Dazzling Flash and Lehudib's
                  | Crystal Spear to your library.
 66771 | Pan      | Got the Guide on the Shot
 66773 | Pan      | You add the spells Ozocubu's Armour and Metabolic
                  | Englaciation to your library.
 66775 | Pan      | Got a demonic rune of Zot
 66776 | Pan      | Identified the amulet "Bacoosuma" {Faith *Corrode Int+7
                  | Dex+2}
 66778 | Pan      | Identified the staff of earth "Oduot" {rF+}
 66780 | Pan      | Identified the +0 robe of the Moon {rPois Int+4}
 66781 | Pan      | Identified the staff of poison "Kigaguon" {rPois rC++ Will-
                  | Str+4 Stlth+}
 66806 | Pan      | Identified the +1 scale mail of Tuiroqem {rN+ Str-2 SInv}
 66813 | Pan      | Identified the staff of air "Fiupyhon" {rElec Will+ Int+2
                  | SInv}
 66844 | Pan      | the ring of Starshine {rPois rF+ Will+ Dex+5 Slay-5}; a +8
                  | great sword of flaming; +2 pearl dragon scales {rare}
 66957 | Pan      | Identified the +0 tower shield of Conscience {rPois}
 66983 | Pan      | HP: 33/175 [daeva/divine providence (12)]
 67335 | Pan      | Noticed Ithrarif the pandemonium lord
 67356 | Pan      | Gained mutation: You are occasionally teleported next to
                  | monsters. [a cacodemon]
 67383 | Pan      | Killed Ithrarif the pandemonium lord
 67446 | Pan      | Lost mutation: You are occasionally teleported next to
                  | monsters. [potion of mutation]
 67446 | Pan      | Lost mutation: You are clumsy. (Dex -2) [potion of
                  | mutation]
 67446 | Pan      | Lost mutation: Your flesh is heat resistant. (rF+) [potion
                  | of mutation]
 67446 | Pan      | Gained mutation: You are partially covered in iridescent
                  | scales. (AC +2) [potion of mutation]
 67447 | Pan      | Lost mutation: You are partially covered in iridescent
                  | scales. (AC +2) [potion of mutation]
 67447 | Pan      | Lost mutation: You are weak. (Str -2) [potion of mutation]
 67447 | Pan      | Lost mutation: You occasionally lose the ability to read
                  | scrolls when taking damage. [potion of mutation]
 67447 | Pan      | Gained mutation: You occasionally lose the ability to drink
                  | potions when taking damage. [potion of mutation]
 67448 | Pan      | Lost mutation: You occasionally lose the ability to drink
                  | potions when taking damage. [potion of mutation]
 67448 | Pan      | Lost mutation: You are dopey. (Int -2) [potion of mutation]
 67448 | Pan      | Gained mutation: You have large cloven feet. [potion of
                  | mutation]
 67448 | Pan      | Gained mutation: Your flesh is cold resistant. (rC+)
                  | [potion of mutation]
 67448 | Pan      | Gained mutation: Your flesh is heat resistant. (rF+)
                  | [potion of mutation]
 67783 | Pan      | Noticed Kupniom the pandemonium lord
 67808 | Pan      | You are cast into the Abyss!
 67808 | Abyss:5  | Cast into level 5 of the Abyss (Kupniom)
 67811 | Abyss:5  | Found a corrupted altar of Lugonu.
 67826 | Pan      | You pass through the gate.
 67826 | Pan      | Escaped the Abyss
 67836 | Pan      | Killed Kupniom the pandemonium lord
 67873 | Pan      | HP: 32/176 [Brimstone Fiend/damnation (34)]
 67874 | Pan      | Killed from afar by a Brimstone Fiend

Vanquished Creatures
  A seraph (Pan)
  6 dread liches
  2 ancient liches (Vaults:5)
  2 juggernauts
  Josephina (Depths:2)
  Margery (Vaults:3)
  3 pandemonium lords (Pan)
  Bai Suzhen (Vaults:4)
  Frederick (Vaults:3)
  Vashnia (Snake:2)
  2 curse toes
  2 caustic shrikes (Depths:3)
  Nikola (Snake:3)
  5 golden dragons
  3 bone dragons
  Cloud Mage (WizLab)
  12 tentacled monstrosities
  An Ice Fiend (Pan)
  Zenata (Vaults:2)
  6 quicksilver dragons
  8 ancient champions
  A walking earthen tome (Depths:2)
  The ghost of laial the Dancer, an adept DsBr of Uskayaw (Vaults:1)
  7 liches
  7 titans
  A walking divine tome (Depths:3)
  A kraken (Shoals:3)
  Kirke (Snake:2)
  19 acid blobs
  8 sphinxes
  6 tentacled starspawn
  2 Executioners
  6 tengu reavers
  2 death cobs (Zot:1)
  Gastronok (D:9)
  4 storm dragons
  Roxanne (Shoals:4)
  8 shadow dragons
  5 nagarajas (Snake:4)
  2 revenants (Crypt:3)
  4 draconian monks
  A daeva (Pan)
  10 azure jellies
  A draconian knight (Zot:1)
  Agnes (D:15)
  The ghost of mif the Severer, a journeyman MiBe of Trog (Snake:1)
  9 fire giants
  A demonspawn warmonger (Pan)
  8 rockslimes
  15 frost giants
  Louise (Snake:2)
  22 vault wardens
  A juggernaut zombie (Depths:1)
  4 draconian shifters
  15 angels
  2 balrugs
  3 curse skulls
  4 iron dragons
  A deep elf sorcerer (Vaults:5)
  A draconian annihilator (Zot:1)
  3 ghouls
  2 reapers
  4 cacodemons (Pan)
  A draconian stormcaller (Zot:1)
  A demonspawn blood saint (Pan)
  2 demonspawn corrupters (Pan)
  10 quicksilver oozes
  17 ironbound preservers
  19 stone giants
  9 ophanim
  An orc warlord (Vaults:1)
  15 very ugly things
  3 ironbound thunderhulks
  3 apis (Pan)
  10 war gargoyles
  2 deep elf annihilators (Vaults:5)
  A green draconian (Zot:1)
  5 vampire knights
  4 black draconians
  A caustic shrike skeleton (Crypt:3)
  2 deep elf demonologists (Vaults:5)
  A demonspawn black sun (Pan)
  3 spark wasps
  3 red draconians
  6 yellow draconians
  3 purple draconians
  3 green deaths (Pan)
  A minotaur (Vaults:1)
  Snorg (Lair:4)
  8 eidola
  A blizzard demon (WizLab)
  8 merfolk impalers
  2 entropy weavers
  11 fire dragons
  11 jiangshi
  11 ettins
  2 merfolk javelineers (Shoals:1)
  2 deep elf death magi (Crypt:2)
  9 yaktaur captains
  3 deep elf high priests
  An entropy weaver (shapeshifter) (Vaults:2)
  7 great orbs of eyes
  2 spriggan zombies
  2 great orbs of eyes (shapeshifter) (Depths:2)
  A fenstrider witch zombie (Crypt:3)
  37 vault guards
  A hell beast (Pan)
  6 ice dragons
  A hydra (shapeshifter) (Vaults:5)
  3 peacekeepers
  4 catoblepae
  4 spriggan air magi
  A bennu zombie (Crypt:1)
  An ogre mage (Vaults:5)
  3 hydras
  6 boulder beetles
  4 merfolk avatars
  A quicksilver dragon skeleton (Crypt:3)
  5 ghost crabs (WizLab)
  3 merfolk aquamancers
  5 rakshasas
  7 death knights
  7 death yaks (Lair:5)
  8 anacondas
  15 centaur warriors
  3 dancing weapons (Abyss:3)
  4 two-headed ogres
  Erica (Orc:1)
  8 deep troll shamans
  9 vampire magi
  13 ironbound frosthearts
  9 deep troll earth magi
  17 naga warriors
  5 satyrs (Shoals:4)
  5 spriggan berserkers
  An orc high priest (Orc:1)
  6 tengu warriors
  4 thrashing horrors
  A deep elf knight (Vaults:1)
  14 naga sharpshooters
  9 shock serpents
  12 hell knights
  4 hell hogs (Depths:2)
  6 sun demons
  6 soul eaters
  2 shadow wraiths
  3 salamander mystics
  7 skysharks
  26 skeletal warriors
  4 wretched stars
  Lodul (D:12)
  A spatial maelstrom (Abyss:2)
  42 deep trolls
  5 sixfirhies
  11 cherubim
  2 death drakes (WizLab)
  5 glowing orange brains
  A storm dragon skeleton (Depths:1)
  15 sea snakes
  A swamp dragon (shapeshifter) (Vaults:5)
  A death drake (shapeshifter) (D:13)
  6 flayed ghosts
  7 iron trolls
  2 lindwurms
  An orb spider (Abyss:2)
  A shadow dragon zombie (Crypt:1)
  2 bog bodies (Crypt:2)
  A deep elf archer (Vaults:1)
  4 shadow demons (Pan)
  9 wizards
  A harpy (shapeshifter) (D:13)
  An orb spider (shapeshifter) (D:15)
  An anaconda skeleton (Crypt:1)
  2 naga ritualists
  A golden dragon skeleton (Depths:2)
  A sphinx zombie (Depths:1)
  A tengu zombie (Crypt:1)
  6 phantasmal warriors
  34 ugly things
  7 necromancers
  5 mana vipers
  5 deep elf pyromancers
  5 orc knights
  3 oklob plants (Lair:5)
  21 ironbound convokers
  15 fauns
  20 harpies
  6 orc sorcerers
  7 shining eyes
  16 manticores
  12 cyclopes
  2 will-o-the-wisps (Abyss:3)
  3 fire giant zombies (Depths:2)
  5 moths of wrath (Zot:1)
  3 worldbinders
  A moth of wrath (shapeshifter) (Vaults:4)
  A goliath frog skeleton (Crypt:3)
  11 salamanders
  7 elephants
  3 merfolk sirens
  25 black mambas
  Maurice (D:8)
  A rust devil (Pan)
  15 vault sentinels
  8 water nymphs
  17 naga magi
  A water nymph (shapeshifter) (Vaults:5)
  9 guardian serpents
  A cane toad (shapeshifter) (Depths:3)
  10 smoke demons
  2 fire giant skeletons
  A shock serpent skeleton (Crypt:3)
  A guardian serpent (shapeshifter) (D:15)
  8 orange demons
  A gargoyle (D:13)
  2 demonic crawlers
  4 unseen horrors
  A centaur skeleton (Crypt:3)
  A rime drake (Lair:3)
  10 cane toads
  3 kobold demonologists (D:9)
  A komodo dragon (shapeshifter) (Vaults:5)
  21 yaktaurs
  An alligator snapping turtle skeleton (Crypt:3)
  An efreet (D:14)
  A hellion (Pan)
  7 komodo dragons
  5 freezing wraiths
  5 tengu conjurers
  A death drake zombie (Crypt:3)
  A yellow draconian skeleton (Crypt:2)
  12 trolls
  6 guardian mummies
  9 ancient zymes
  A polar bear (Lair:5)
  19 merfolk
  4 hellwings
  7 meliai
  4 wind drakes
  Prince Ribbit (D:5)
  A hydra skeleton (Abyss:2)
  2 hornets (Depths:4)
  8 raiju
  11 blink frogs
  17 dream sheep
  A jumping spider zombie (Crypt:3)
  2 fire giant simulacra (Depths:2)
  A slime creature (shapeshifter) (Vaults:5)
  10 snapping turtles
  A frost giant simulacrum (Depths:2)
  49 slime creatures
  2 spriggans (Depths:4)
  8 air elementals (WizLab)
  10 wraiths
  7 starcursed masses (Abyss:3)
  5 water elementals
  32 yaks
  8 flying skulls (Abyss:2)
  4 ynoxinuls
  2 vampires
  2 wyverns
  3 hogs (Snake:2)
  A slime creature zombie (Crypt:2)
  5 spriggan skeletons
  5 golden eyes
  13 large abominations
  2 steam dragons
  A redback (Vaults:2)
  5 vampire mosquitoes
  5 basilisks
  5 chaos spawn
  Grum (D:10)
  4 neqoxecs
  7 wargs
  Edmund (D:5)
  44 nagas
  An acid dragon (D:8)
  11 water moccasins
  2 glowing shapeshifter skeletons
  A faun skeleton (Crypt:2)
  A two-headed ogre skeleton (Crypt:3)
  11 small abominations
  A hell hound (Abyss:3)
  A black bear (shapeshifter) (Depths:3)
  6 black bears
  2 ice beasts (D:7)
  2 hornet zombies
  20 orc warriors
  A manticore zombie (Crypt:3)
  3 sky beasts
  A snapping turtle zombie (Crypt:2)
  A lindwurm zombie (Crypt:1)
  15 ogres
  5 wolves
  A boggart (Vaults:2)
  8 centaurs
  A blink frog skeleton (Crypt:2)
  4 kobold brigands
  A phantom (D:6)
  Blork the orc (D:6)
  A vine stalker zombie (Crypt:3)
  A salamander zombie (Crypt:2)
  7 bullfrogs
  3 gnoll sergeants
  2 necrophages (Crypt:3)
  3 water moccasin zombies (Ossuary)
  A scorpion (D:5)
  7 wights
  9 killer bees
  A warg skeleton (Crypt:2)
  3 electric eels (Snake:1)
  3 howler monkeys (D:9)
  6 hounds
  18 orc priests
  3 quasits
  3 jellies (D:5)
  A gnoll bouda (D:7)
  Jessica (D:3)
  Natasha (thrice) (D:4)
  Terence (D:3)
  4 iguanas
  45 orc wizards
  An acid dragon skeleton (Crypt:2)
  A deep dwarf skeleton (Crypt:1)
  9 mummies
  15 gnolls
  8 adders
  A swamp drake zombie (Crypt:3)
  4 white imps
  3 ufetubi
  6 adder zombies (Ossuary)
  A dart slug (D:2)
  79 orcs
  6 endoplasms
  3 giant cockroaches
  2 gnoll zombies (Ossuary)
  4 goblins
  7 hobgoblins
  4 quokkas
  13 ball pythons
  3 bats
  A frilled lizard (D:1)
  A hobgoblin skeleton (Crypt:1)
  5 hobgoblin zombies (Ossuary)
  28 kobolds
  A kobold skeleton (Crypt:1)
  3 kobold zombies (Ossuary)
  10 orc zombies (Ossuary)
  A quokka skeleton (Crypt:1)
  5 rats
  A lurking horror (Abyss:2)
  A starspawn tentacle (Abyss:3)
2059 creatures vanquished.

Vanquished Creatures (collateral kills)
  Mlioglotl (Shoals:1)
  Asterion (Vaults:3)
  A deep troll (Vaults:1)
  3 water nymphs (Shoals:1)
  A smoke demon (Pan)
  A merfolk siren (Shoals:1)
  A hellwing (Pan)
  A merfolk (Shoals:1)
  A chaos spawn (Pan)
  A neqoxec (Pan)
12 creatures vanquished.

Vanquished Creatures (others)
  A phantasmal warrior (Crypt:3)
  A guardian serpent (Snake:4)
  An orange demon (Pan)
  A spark wasp simulacrum (Depths:2)
  A gnoll (D:7)
  12 foxfires (Abyss:3)
  21 starspawn tentacles
  4 tentacles (Shoals:3)
42 creatures vanquished.

Grand Total: 2113 creatures vanquished

Table legend:
 A = Non-vault XP
 B = Vault XP
 C = Vault XP percentage of total XP
 D = Non-vault monster count
 E = Vault monster count
 F = Vault count percentage of total count
                 A         B        C        D         E       F
            +---------+---------+-------+---------+---------+-------
      Total |  671439 |  563838 |  45.6 |    1318 |     732 |  35.7
            +---------+---------+-------+---------+---------+-------
        D:1 |      53 |       4 |   7.0 |      27 |       2 |   6.9
        D:2 |     116 |       2 |   1.7 |      16 |       1 |   5.9
        D:3 |      62 |     116 |  65.2 |       9 |       3 |  25.0
        D:4 |     910 |     121 |  11.7 |      27 |       3 |  10.0
        D:5 |     723 |     452 |  38.5 |      23 |       2 |   8.0
        D:6 |     965 |     356 |  26.9 |      22 |       3 |  12.0
        D:7 |    1500 |     500 |  25.0 |      30 |       3 |   9.1
        D:8 |    3597 |     718 |  16.6 |      21 |       3 |  12.5
        D:9 |    2826 |    7443 |  72.5 |      22 |      14 |  38.9
       D:10 |    2153 |     290 |  11.9 |      12 |       2 |  14.3
       D:11 |    1910 |     740 |  27.9 |       8 |      17 |  68.0
       D:12 |    8624 |    3494 |  28.8 |      22 |      11 |  33.3
       D:13 |    6235 |    5598 |  47.3 |      16 |      10 |  38.5
       D:14 |    7460 |       0 |   0.0 |      14 |       0 |   0.0
       D:15 |    7934 |    2527 |  24.2 |      17 |       3 |  15.0
     Lair:1 |    2005 |     740 |  27.0 |       7 |       4 |  36.4
     Lair:2 |    5852 |       0 |   0.0 |      18 |       0 |   0.0
     Lair:3 |    4494 |    1399 |  23.7 |      12 |       5 |  29.4
     Lair:4 |    1094 |     945 |  46.3 |       4 |       1 |  20.0
     Lair:5 |    7822 |   13249 |  62.9 |      20 |      26 |  56.5
   Shoals:1 |   13142 |   12279 |  48.3 |      28 |      18 |  39.1
   Shoals:2 |   10712 |    6470 |  37.7 |      21 |       8 |  27.6
   Shoals:3 |   13486 |     539 |   3.8 |      29 |       1 |   3.3
   Shoals:4 |   11540 |   15595 |  57.5 |      22 |      25 |  53.2
    Snake:1 |   13102 |    2082 |  13.7 |      26 |       2 |   7.1
    Snake:2 |   10093 |    9391 |  48.2 |      20 |      10 |  33.3
    Snake:3 |   26755 |    2445 |   8.4 |      59 |       1 |   1.7
    Snake:4 |   10908 |   24659 |  69.3 |      25 |      38 |  60.3
    Slime:1 |    5721 |       0 |   0.0 |      10 |       0 |   0.0
    Slime:2 |    1372 |       0 |   0.0 |       6 |       0 |   0.0
    Slime:3 |   13772 |       0 |   0.0 |      23 |       0 |   0.0
    Slime:4 |   11327 |     897 |   7.3 |      11 |       1 |   8.3
    Slime:5 |    6704 |   14422 |  68.3 |      17 |      13 |  43.3
      Orc:1 |    4002 |     821 |  17.0 |      31 |       1 |   3.1
      Orc:2 |    3811 |    3884 |  50.5 |      42 |      51 |  54.8
   Vaults:1 |   31729 |   16594 |  34.3 |      37 |      18 |  32.7
   Vaults:2 |   24140 |   33891 |  58.4 |      31 |      41 |  56.9
   Vaults:3 |   16467 |   41438 |  71.6 |      21 |      50 |  70.4
   Vaults:4 |   14342 |   50774 |  78.0 |      21 |      58 |  73.4
   Vaults:5 |   14336 |   90902 |  86.4 |      23 |      68 |  74.7
    Crypt:1 |   29880 |       0 |   0.0 |      45 |       0 |   0.0
    Crypt:2 |   24011 |    8222 |  25.5 |      36 |       6 |  14.3
    Crypt:3 |   21236 |   21055 |  49.8 |      32 |      22 |  40.7
   Depths:1 |   41695 |    8851 |  17.5 |      54 |       7 |  11.5
   Depths:2 |   32198 |   22154 |  40.8 |      44 |      24 |  35.3
   Depths:3 |   22825 |   45341 |  66.5 |      26 |      35 |  57.4
   Depths:4 |   24174 |   20107 |  45.4 |      26 |      17 |  39.5
      Zot:1 |   57104 |       0 |   0.0 |      42 |       0 |   0.0
    Abyss:2 |   16704 |       0 |   0.0 |      45 |       0 |   0.0
    Abyss:3 |   34786 |   12631 |  26.6 |      61 |      10 |  14.1
        Pan |   43030 |   46600 |  52.0 |      57 |      43 |  43.0
    Ossuary |       0 |     313 | 100.0 |       0 |      31 | 100.0
     WizLab |       0 |   12787 | 100.0 |       0 |      20 | 100.0
            +---------+---------+-------+---------+---------+-------

Skill      XL: |  1  2  3  4  5  6  7  8  9 10 11 12 13 14 15 16 17 18 19 20 21 22 23 24 25 26 |
---------------+-------------------------------------------------------------------------------+-----
Unarmed Combat | 3 4 5 6 7 9 10 12 13 14 15 16 17 18 20 21 22 23 24 26 27 | 27.0
Throwing       | 1 |  1.0
Armour         | 3 5 7 10 12 14 16 17 18 19 20 22 | 22.7
Fighting       | 4 8 9 11 12 14 16 18 20 | 20.8
Shields        | 2 3 4 5 8 10 12 13 15 | 15.0
Dodging        | 2 4 6 8 10 | 10.0
Invocations    | 5 7 8 10 12 13 15 16 18 | 18.9
Evocations     | 4 5 6 7 10 12 | 12.0
Spellcasting   | |  2.0
Translocations | |  2.6

Action                     |  1- 3 |  4- 6 |  7- 9 | 10-12 | 13-15 | 16-18 | 19-21 | 22-24 | 25-27 || total
---------------------------+-------+-------+-------+-------+-------+-------+-------+-------+-------++-------
  Melee: Unarmed           |   180 |   195 |   405 |   700 |  1391 |  1421 |  1650 |  2010 |  1356 ||  9308
         Punch             |     1 |     6 |    11 |       |       |       |       |       |       ||    18
  Throw: Boomerang         |       |     7 |       |       |       |       |       |       |       ||     7
         Dart              |       |     3 |    11 |       |       |       |       |       |       ||    14
 Invoke: Summon Divine War |       |       |       |       |       |       |     1 |       |     3 ||     4
         Divine Shield     |       |       |       |       |       |       |     1 |       |     2 ||     3
         Cleansing Flame   |       |       |       |       |       |       |       |     5 |     5 ||    10
  Evoke: Wand              |       |       |       |     7 |    14 |     3 |       |     4 |       ||    28
         Condenser vane    |       |       |       |       |     2 |     1 |     4 |     3 |     2 ||    12
         Phantom mirror    |       |       |       |       |       |     2 |     3 |       |       ||     5
         Phial of floods   |       |       |       |       |       |       |     2 |       |       ||     2
         Lightning rod     |       |       |       |       |       |       |       |     5 |     2 ||     7
         Box of beasts     |       |       |       |       |       |       |       |       |     1 ||     1
    Use: Potion            |       |     5 |       |       |     6 |     4 |     8 |     7 |    10 ||    40
         Scroll            |       |     3 |     4 |     6 |     9 |     7 |    17 |     8 |     4 ||    58
 Armour: Leather armour    |    27 |       |       |       |       |       |       |       |       ||    27
         Chain mail        |    85 |   128 |   218 |   379 |   640 |       |       |       |       ||  1450
         Plate armour      |       |       |       |       |    19 |   659 |   414 |       |       ||  1092
         Gold dragon scale |       |       |       |       |       |       |   277 |   224 |       ||   501
         Crystal plate arm |       |       |       |       |       |       |       |   648 |   792 ||  1440
  Dodge: Dodged            |    80 |    43 |   115 |   204 |   582 |   584 |   544 |   804 |   435 ||  3391
         Repelled          |       |       |       |       |       |    17 |    10 |     9 |       ||    36
  Block: Buckler           |       |       |    42 |   157 |   330 |       |       |       |       ||   529
         Kite shield       |       |       |       |       |     4 |   661 |   763 |  1067 |   838 ||  3333
         Reflection        |       |       |       |       |       |    77 |    57 |    18 |    42 ||   194

Illustrated notes

Table legend:
 A = Kills in this place as a percentage of kills in the entire game.
 B = Kills by you in this place as a percentage of kills by you in the entire game.
 C = Kills by friends in this place as a percentage of kills by friends in the entire game.
 D = Other kills in this place as a percentage of other kills in the entire game.
 E = Experience gained in this place as a percentage of experience gained in the entire game.
 F = Experience gained in this place divided by the number of levels of this place that you have seen.
                   A       B       C       D       E      F
               +-------+-------+-------+-------+-------+----------------------
         Total | 100.0 | 100.0 | 100.0 | 100.0 | 100.0 | 19301.2
       Dungeon |  17.7 |  17.8 |   0.0 |  33.3 |   5.5 | 4495.3
          Lair |   4.7 |   4.8 |   0.0 |   0.0 |   3.0 | 7520.0
        Shoals |   7.4 |   7.2 |  50.0 |   0.0 |   6.8 | 20940.8
     Snake Pit |   8.8 |   8.8 |   0.0 |  33.3 |   8.0 | 24858.8
    Slime Pits |   4.0 |   4.0 |   0.0 |   0.0 |   4.4 | 10843.0
  Orcish Mines |   6.1 |   6.1 |   0.0 |   0.0 |   1.0 | 6259.0
        Vaults |  18.0 |  18.0 |  16.7 |   0.0 |  27.1 | 66922.6
         Crypt |   6.9 |   6.9 |   0.0 |  33.3 |   8.5 | 34801.3
        Depths |  11.4 |  11.4 |   0.0 |   0.0 |  17.6 | 54336.2
           Zot |   2.0 |   2.1 |   0.0 |   0.0 |   4.6 | 57104.0
         Abyss |   5.7 |   5.7 |   0.0 |   0.0 |   5.2 | 10686.8
   Pandemonium |   4.9 |   4.7 |  33.3 |   0.0 |   7.3 | 14938.3
       Ossuary |   1.5 |   1.5 |   0.0 |   0.0 |   0.0 | 313.0
        Wizlab |   1.0 |   1.0 |   0.0 |   0.0 |   1.0 | 12787.0
               +-------+-------+-------+-------+-------+----------------------

Table legend: (Time is in decaauts)
 A = Elapsed time spent in this place.
 B = Non-inter-level travel time spent in this place.
 C = Inter-level travel time spent in this place.
 D = Time resting spent in this place.
 E = Time spent auto-exploring this place.
 F = Levels seen in this place.
 G = Mean time per level.
                   A        B        C        D        E       F      G
               +--------+--------+--------+--------+--------+-----+--------+
         Total |  65177 |  56806 |   8371 |  10745 |  27125 |  64 | 1018.4 |
       Dungeon |  21065 |  16558 |   4507 |   3336 |   7846 |  15 | 1404.3 |
        Temple |    116 |    108 |      8 |      0 |     37 |   1 |  116.0 |
          Lair |   6172 |   5144 |   1028 |    796 |   3403 |   5 | 1234.4 |
        Shoals |   5691 |   5364 |    327 |   1371 |   2236 |   4 | 1422.8 |
     Snake Pit |   6255 |   5896 |    359 |   1180 |   3400 |   4 | 1563.8 |
    Slime Pits |   1445 |   1313 |    132 |    393 |     58 |   5 |  289.0 |
  Orcish Mines |   2044 |   1857 |    187 |    284 |    867 |   2 | 1022.0 |
        Vaults |   9908 |   8769 |   1139 |   2475 |   3701 |   5 | 1981.6 |
         Crypt |   2713 |   2571 |    142 |    103 |   1577 |   3 |  904.3 |
        Depths |   4812 |   4326 |    486 |    181 |   2808 |   4 | 1203.0 |
           Zot |   1197 |   1145 |     52 |    186 |    616 |   1 | 1197.0 |
         Abyss |   1584 |   1584 |      0 |    293 |    158 |   6 |  264.0 |
   Pandemonium |   1530 |   1530 |      0 |    128 |    278 |   6 |  255.0 |
         Trove |     39 |     39 |      0 |      0 |      7 |   1 |   39.0 |
       Ossuary |    163 |    163 |      0 |      0 |     58 |   1 |  163.0 |
        Wizlab |    435 |    435 |      0 |     13 |     74 |   1 |  435.0 |
               +--------+--------+--------+--------+--------+-----+--------+

Top non-repeatable levels by time:
Vaults:2: 2852 daAuts
Vaults:1: 2659 daAuts
    D:13: 2025 daAuts
    D:12: 2015 daAuts
     D:4: 1860 daAuts
Vaults:3: 1840 daAuts
  Lair:5: 1808 daAuts
     D:9: 1779 daAuts
Shoals:1: 1721 daAuts
    D:14: 1697 daAuts
 Snake:1: 1646 daAuts
 Snake:4: 1642 daAuts
 Snake:3: 1638 daAuts
    D:15: 1531 daAuts
     D:8: 1521 daAuts
